Workbook

Sheet RESUMEN
A1: RESUMEN ESTUDIO DE MERCADO - COMPARACIÓN ANTES DE IVA/INC
A2: El valor promedio sugerido se calcula sobre el valor unitario antes de IVA/INC y se multiplica por la cantidad requerida. Los valores incluidos se conservan únicamente como trazabilidad tributaria.
A4: EVENTO | B4: TOTAL EDY INCL. IVA/INC | C4: TOTAL A&C INCL. IVA/INC | D4: PROMEDIO TOTAL ANTES IVA/INC
A5: AGENDA JUVENIL | B5: ='AGENDA JUVENIL'!J15 -> 34263000 | C5: ='AGENDA JUVENIL'!O15 -> 53750850 | D5: ='AGENDA JUVENIL'!Q15 -> 38386472
A6: 20 DE JULIO | B6: ='20 DE JULIO'!J22 -> 50581988 | C6: ='20 DE JULIO'!O22 -> 48708205 | D6: ='20 DE JULIO'!Q22 -> 43317533
A7: PARQUE RENACE | B7: ='PARQUE RENACE'!J54 -> 1.2877956e+08 | C7: ='PARQUE RENACE'!O54 -> 161399565 | D7: ='PARQUE RENACE'!Q54 -> 1.2532149e+08
A8: SEMANA JUVENTUD | B8: ='SEMANA JUVENTUD'!J14 -> 62103500 | C8: ='SEMANA JUVENTUD'!O14 -> 116953200 | D8: ='SEMANA JUVENTUD'!Q14 -> 78715000
A9: TOTAL GENERAL | B9: =SUM(B5:B8) -> 2.7572805e+08 | C9: =SUM(C5:C8) -> 380811820 | D9: =SUM(D5:D8) -> 2.8574049e+08

Sheet COMPARATIVO GENERAL
A1: COMPARATIVO GENERAL DE COTIZACIONES - UNITARIOS ANTES DE IVA/INC
A2: Comparación homologada antes de IVA/INC. Los valores incluidos se conservan como trazabilidad y para detectar tratamientos tributarios distintos entre cotizantes.
A3: INFORMACIÓN TÉCNICA DEL ÍTEM | G3: EDY ANGARITA PRODUCCIONES SAS | L3: A&C LOGISTICA & PRODUCCION DE EVENTOS LTDA | Q3: VALOR PROMEDIO BASE ANTES DE IVA/INC
A4: EVENTO | B4: ITEM | C4: DESCRIPCIÓN | D4: ESPECIFICACIONES / REQUERIMIENTOS TÉCNICOS | E4: CANTIDAD | F4: UNIDAD DE MEDIDA | G4: VALOR UNITARIO (ANTES IVA/INC) | H4: IVA / INC ($ NORMALIZADO) | I4: TARIFA OBSERVADA | J4: VALOR UNITARIO INCL. IVA/INC | K4: VALOR TOTAL INCL. IVA/INC | L4: VALOR UNITARIO (ANTES IVA/INC) | M4: IVA / INC ($ NORMALIZADO) | N4: TARIFA OBSERVADA | O4: VALOR UNITARIO INCL. IVA/INC | P4: VALOR TOTAL INCL. IVA/INC | Q4: PROMEDIO UNITARIO ANTES IVA/INC | R4: PROMEDIO TOTAL ANTES IVA/INC
A5: AGENDA JUVENIL | B5: 1 | C5: TALLER PRESENCIAL: CREACIÓN DE CONTENIDO BASADO EN STORYTELLING | D5: Taller presencial de 4 horas, orientado por un profesional en comunicación, publicidad o áreas afines, enfocado en la creación de contenido digital a partir del storytelling. el espacio aborda inspiración y planeación de contenido, construcción de guiones, edición básica desde el celular y configuración y optimización de perfiles en redes sociales, con el fin de mejorar el alcance y los resultados del contenido publicado. incluye una metodología teórico-práctica y recursos de apoyo como tutorial de edición y herramientas de inteligencia artificial para la creación de guiones. certificado de participacion digital tamaño carta incluye diseño y diagramacion con la informacion de los asistentes al curso. cupo minimo de 60 personas. | E5: 1 | F5: TALLER | G5: 3600000 | H5: 0 | I5: =IFERROR(H5/G5,0) -> 0 | J5: 3600000 | K5: 3600000 | L5: 5280000 | M5: 1003200 | N5: =IFERROR(M5/L5,0) -> 0.19 | O5: 6283200 | P5: 6283200 | Q5: =AVERAGE(G5,L5) -> 4440000 | R5: =Q5*E5 -> 4440000
A6: AGENDA JUVENIL | B6: 2 | C6: TALLER PRESENCIAL: LIDERAZGO COLABORATIVO – EQUIPOS EN MOVIMIENTO | D6: Taller presencial de mínimo 2 horas, dirigido a jóvenes entre 14 y 28 años, orientado por un profesional en danza y/o licenciatura en artes -danza y/o artes escénicas o afines. el espacio debe promover el liderazgo, la comunicación asertiva, la empatía y el trabajo en equipo mediante experiencias participativas y dinámicas corporales, utilizando el cuerpo como herramienta de conexión, confianza y cooperación. incluye metodología vivencial, uso de materiales didácticos, memorias visuales, registro fotográfico y certificado de participación digital tamaño carta, incluye diseño y diagramación con la información de los asistentes al curso. cupo mínimo de 60 jóvenes | E6: 1 | F6: TALLER | G6: 2250000 | H6: 0 | I6: =IFERROR(H6/G6,0) -> 0 | J6: 2250000 | K6: 2250000 | L6: 5400000 | M6: 1026000 | N6: =IFERROR(M6/L6,0) -> 0.19 | O6: 6426000 | P6: 6426000 | Q6: =AVERAGE(G6,L6) -> 3825000 | R6: =Q6*E6 -> 3825000
A7: AGENDA JUVENIL | B7: 3 | C7: TALLER PRESENCIAL: IA GENERATIVA – DEL PROMPT A LA CREACIÓN. | D7: Taller presencial de mínimo 2 horas, dirigido a jóvenes entre 14 y 28 años, orientado por un profesional en comunicación social y/o marketing y/o afines. el espacio debe fortalecer competencias técnicas, pensamiento crítico y creatividad, a través del uso de ia generativa como herramienta para la creación de contenidos y el desarrollo de proyectos personales o académicos. incluye ejercicios prácticos de creación con prompts, uso de entornos digitales, acceso a recursos de apoyo como videos, presentaciones, tutoriales, y guía aplicadadas. certificado de participación digital tamaño carta incluye diseño y diagramación con la información de los asistentes al curso. cupo mínimo de 60 jóvenes | E7: 1 | F7: TALLER | G7: 2250000 | H7: 0 | I7: =IFERROR(H7/G7,0) -> 0 | J7: 2250000 | K7: 2250000 | L7: 6120000 | M7: 1162800 | N7: =IFERROR(M7/L7,0) -> 0.19 | O7: 7282800 | P7: 7282800 | Q7: =AVERAGE(G7,L7) -> 4185000 | R7: =Q7*E7 -> 4185000
A8: AGENDA JUVENIL | B8: 4 | C8: TALLER PRESENCIAL: PLANEACIÓN FINANCIERA PARA JÓVENES | D8: Taller presencial de mínimo 2 horas, dirigido a jóvenes entre 14 y 28 años, orientado por un profesional en finanzas, economía, administración o áreas afines. El espacio debe fortalece habilidades de organización financiera, ahorro, manejo responsable del dinero y toma de decisiones económicas, mediante herramientas prácticas de presupuesto personal, planificación de metas y uso consciente de recursos. Incluye ejercicios aplicados, recursos de apoyo (ejercicios de aplicación, diapositivas, video tutoriales) para el manejo de finanzas personales y certificado de participación digital tamaño carta, incluye diseño y diagramación con la información de los asistentes al curso. Cupo mínimo de 60 jóvenes | E8: 1 | F8: TALLER | G8: 2250000 | H8: 0 | I8: =IFERROR(H8/G8,0) -> 0 | J8: 2250000 | K8: 2250000 | L8: 4320000 | M8: 820800 | N8: =IFERROR(M8/L8,0) -> 0.19 | O8: 5140800 | P8: 5140800 | Q8: =AVERAGE(G8,L8) -> 3285000 | R8: =Q8*E8 -> 3285000
A9: AGENDA JUVENIL | B9: 5 | C9: TALLER DE FORMACIÓN. | D9: Taller de formación presencial orientado al desarrollo de habilidades en servicio al cliente y estrategias de venta dirigido a la población juvenil entre los 14 a los 28 años, fortalecemiento de competencias comunicativas, manejo de objeciones, atención al cliente y presentación de productos o servicios, aplicable a iniciativas de emprendimiento, con un minimo de dos (2) horas; orientado por un profesional con experiencia en servicio al cliente, marketing o emprendimiento. cupo mínimo de 60 jovenes | E9: 1 | F9: TALLER | G9: 2700000 | H9: 0 | I9: =IFERROR(H9/G9,0) -> 0 | J9: 2700000 | K9: 2700000 | L9: 4320000 | M9: 820800 | N9: =IFERROR(M9/L9,0) -> 0.19 | O9: 5140800 | P9: 5140800 | Q9: =AVERAGE(G9,L9) -> 3510000 | R9: =Q9*E9 -> 3510000
A10: AGENDA JUVENIL | B10: 6 | C10: SUMINISTRO ALMUERZO. | D10: Base o acompañamiento principal: 80 gramos de arroz o pasta proteína: 120 gramos de carne de res, pollo o cerdo (a la plancha, al horno o guisado). Guarnición: 100 gramos de papa criolla, plátano maduro o papa frita (una opción por ración). Ensalada fresca: 80 gramos de vegetales variados (lechuga, tomate, zanahoria, repollo, aderezo). Bebida natural: jugo de fruta del día (12 oz / 350 ml) elaborado con fruta natural o concentrado pasteurizado, servido frío. Incluye servicio a la mesa y menaje. | E10: 200 | F10: ALMUERZO | G10: 33333.33 | H10: 2666.6664 | I10: =IFERROR(H10/G10,0) -> 0.08 | J10: 35999.996 | K10: 7199999.3 | L10: 30000 | M10: 5700 | N10: =IFERROR(M10/L10,0) -> 0.19 | O10: 35700 | P10: 7680000 | Q10: =AVERAGE(G10,L10) -> 31666.665 | R10: =Q10*E10 -> 6333333
A11: AGENDA JUVENIL | B11: 7 | C11: SUMINISTRO REFRIGERIO. | D11: menú: 1) sándwiche en pan blandito o francés de 80 gr, acompañado de tajada de jamón de 25 gr, con servilleta y bolsa metalizada unipersonal; bebida: refresco saludable endulzado con panela de 200 ml sabores surtidos; fruta de cosecha entre 100 gr a 120 gr y dulce de chocolate o masmelo de 5 a 8gr unipersonal empacado individual en bandeja o bolsa que sean biodegradables. 2) pastel de pollo 150 gramos, con servilleta y bolsa metalizada unipersonal, bebida: refresco saludable endulzado con panela de 200 ml sabores surtidos; fruta de cosecha entre 100 gr a 120 gr y dulce de chocolate de 14 a 20gr unipersonal empacado individual en bandeja o bolsa que sean biodegradables. | E11: 300 | F11: UNIDAD | G11: 16666.669 | H11: 1333.3335 | I11: =IFERROR(H11/G11,0) -> 0.08 | J11: 18000.003 | K11: 5400000.8 | L11: 24000 | M11: 4560 | N11: =IFERROR(M11/L11,0) -> 0.19 | O11: 28560 | P11: 8568000 | Q11: =AVERAGE(G11,L11) -> 20333.335 | R11: =Q11*E11 -> 6100000.4
A12: AGENDA JUVENIL | B12: 8 | C12: SUMINISTRO HIDRATACION. | D12: Hidratación botellas de agua pura tratada presentación de 300 ml con registro Invima, marca reconocida en Cundinamarca. | E12: 600 | F12: UNIDAD | G12: 1080 | H12: 0 | I12: =IFERROR(H12/G12,0) -> 0 | J12: 1080 | K12: 648000 | L12: 1500 | M12: 285 | N12: =IFERROR(M12/L12,0) -> 0.19 | O12: 1785 | P12: 1071000 | Q12: =AVERAGE(G12,L12) -> 1290 | R12: =Q12*E12 -> 774000
A13: AGENDA JUVENIL | B13: 9 | C13: SUMINISTRO CERTIFICADO DE PARTICIPACION. | D13: Certificado de participación juvenil en papel propalcote de 240 gramos, impresión digital full color, tamaño 28x 20 cm, el diseño será suministrado por la entidad. | E13: 150 | F13: UNIDAD | G13: 6806.72 | H13: 1293.2768 | I13: =IFERROR(H13/G13,0) -> 0.19 | J13: 8099.9968 | K13: 1214999.5 | L13: 4500 | M13: 855 | N13: =IFERROR(M13/L13,0) -> 0.19 | O13: 5355 | P13: 803250 | Q13: =AVERAGE(G13,L13) -> 5653.36 | R13: =Q13*E13 -> 848004
A14: AGENDA JUVENIL | B14: 10 | C14: KIT AGENDA. | D14: Kid agenda tamaño media carta y esfero contramarcado para talleres ofertados, con portada y contraportada personalizada (según diseño aprobado por la secretaría de cultura y juventudes) en cartón de 2mm, papel fotográfico mate o brillante de 135 gramos, anillado doble, hojas blanca cuadriculada, papel bond de 75 gramos. | E14: 150 | F14: UNIDD | G14: 37815.13 | H14: 7184.8747 | I14: =IFERROR(H14/G14,0) -> 0.19 | J14: 45000.005 | K14: 6750000.7 | L14: 30000 | M14: 5700 | N14: =IFERROR(M14/L14,0) -> 0.19 | O14: 35700 | P14: 5355000 | Q14: =AVERAGE(G14,L14) -> 33907.565 | R14: =Q14*E14 -> 5086134.8
A15: 20 DE JULIO | B15: 1 | C15: REFRIGERIO | D15: Producto de panadería de 120 gramos combinada con una proteína variada (pastel hojaldrado de carne o pollo ó sanduche). Jugo de 200 ml en empaque doy pack, varios sabores. Complemento: galleta de mantequilla de 50 gramos, o una (1) chocolatina de 12 gramos y una (1) fruta de temporada 60 gramos. En caja blanca de cartón para alimentos. | E15: 350 | F15: UNIDAD | G15: 15000 | H15: 1200 | I15: =IFERROR(H15/G15,0) -> 0.08 | J15: 16200 | K15: 5670000 | L15: 18000 | M15: 3420 | N15: =IFERROR(M15/L15,0) -> 0.19 | O15: 21420 | P15: 7497000 | Q15: =AVERAGE(G15,L15) -> 16500 | R15: =Q15*E15 -> 5775000
A16: 20 DE JULIO | B16: 2 | C16: DESAYUNO | D16: 2 opciones de preparación de huevos 80 gr, bebida caliente (café, chocolate, agua de panela) 8 onzas, queso doble crema 50 gr, producto de panadería 40 gr, jugo de naranja 8 onzas, incluye menaje, línea servicio y samovar. | E16: 70 | F16: UNIDAD | G16: 16666.67 | H16: 1333 | I16: =IFERROR(H16/G16,0) -> 0.079979984 | J16: 17999.67 | K16: 1259976.9 | L16: 42000 | M16: 7980 | N16: =IFERROR(M16/L16,0) -> 0.19 | O16: 49980 | P16: 4038600 | Q16: =AVERAGE(G16,L16) -> 29333.335 | R16: =Q16*E16 -> 2053333.4
... A24: 20 DE JULIO | B24: 9 | C24: PREMIOS BINGO | D24: Bicicleta todo terreno rin 26 18 velocidades colores variados frenos v-brakes mountain bike. | E24: 2 | F24: UNIDA | G24: 378151.26 | H24: 71848.739 | I24: =IFERROR(H24/G24,0) -> 0.19 | J24: 450000 | K24: 900000 | L24: 500000 | M24: 95000 | N24: =IFERROR(M24/L24,0) -> 0.19 | O24: 595000 | P24: 1190000 | Q24: =AVERAGE(G24,L24) -> 439075.63 | R24: =Q24*E24 -> 878151.26
A25: 20 DE JULIO | B25: 10 | D25: Televisor 32 pulgadas de marca reconocida-smart google resolución de 1366 x 768p, variedad de aplicaciones como Netflix, disney+, prime video, apple tv, hulu y hbo, conectividad wi-fi, bluetooth y múltiples puertos hdmi y usb, capacidad de almacenamiento 16 gb, ancho x profundidad x altura 71.6 cm x 8.5 cm x 42.4 c. accesorios incluidos baterías, control remoto, manual, soporte de pared. | E25: 2 | F25: UNIDA | G25: 605042.02 | H25: 114957.98 | I25: =IFERROR(H25/G25,0) -> 0.19 | J25: 720000 | K25: 1440000 | L25: 780000 | M25: 148200 | N25: =IFERROR(M25/L25,0) -> 0.19 | O25: 928200 | P25: 1856400 | Q25: =AVERAGE(G25,L25) -> 692521.01 | R25: =Q25*E25 -> 1385042
A26: 20 DE JULIO | B26: 11 | D26: Freidora de aire de marca reconocida, con capacidad 4l -función manual, con recubrimiento diamondforce, con perilla de temperatura ajustable de hasta 200ºc, control de temporizador ajustable de hasta 60 minutos, potencia 1,3 kw- capacidad en volumen 4 l- con control de temperatura - temperatura máxima 200 °c - cantidad de canastos 1 | E26: 1 | F26: UNIDA | G26: 226890.76 | H26: 43109.244 | I26: =IFERROR(H26/G26,0) -> 0.19 | J26: 270000 | K26: 270000 | L26: 420000 | M26: 79800 | N26: =IFERROR(M26/L26,0) -> 0.19 | O26: 499800 | P26: 499800 | Q26: =AVERAGE(G26,L26) -> 323445.38 | R26: =Q26*E26 -> 323445.38
A27: 20 DE JULIO | B27: 12 | D27: Cafetera compacta de marca reconocida. diseño con acabados en acero inoxidable, prepara expreso y cappuccino con una bomba italiana de 1 500 kpa (15 bar). con tanque de agua removible de 1.5 l, con una perilla de control que ajusta el vapor. compatible con cápsulas dolce gusto, también incluye porta filtros y cuchara medidora para café molido. | E27: 2 | F27: UNIDAD | G27: 189075.63 | H27: 35924.37 | I27: =IFERROR(H27/G27,0) -> 0.19 | J27: 225000 | K27: 450000 | L27: 720000 | M27: 136800 | N27: =IFERROR(M27/L27,0) -> 0.19 | O27: 856800 | P27: 1713600 | Q27: =AVERAGE(G27,L27) -> 454537.82 | R27: =Q27*E27 -> 909075.63
A28: 20 DE JULIO | B28: 13 | D28: Parlante de sonido con potencia de salida de 80 w, autonomía máxima de la batería de 18 horas, diseño portátil e inalámbrico para llevar a cualquier lugar, a prueba de agua y luces led integrada. | E28: 2 | F28: UNIDAD | G28: 151260.5 | H28: 28739.495 | I28: =IFERROR(H28/G28,0) -> 0.19 | J28: 179999.99 | K28: 359999.99 | L28: 780000 | M28: 148200 | N28: =IFERROR(M28/L28,0) -> 0.19 | O28: 928200 | P28: 1856400 | Q28: =AVERAGE(G28,L28) -> 465630.25 | R28: =Q28*E28 -> 931260.5
A29: 20 DE JULIO | B29: 14 | D29: Reloj inteligente marca reconocida, versión del smartwatch: sport, resistente al agua, con conectividad por bluetooth, batería con carga rápida, con gps y mapas integrados, con pantalla amoled de 480px×408px. material de la malla: fluoroelastómero. | E29: 2 | F29: UNIDAD | G29: 189075.63 | H29: 35924.37 | I29: =IFERROR(H29/G29,0) -> 0.19 | J29: 225000 | K29: 450000 | L29: 1200000 | M29: 228000 | N29: =IFERROR(M29/L29,0) -> 0.19 | O29: 1428000 | P29: 2856000 | Q29: =AVERAGE(G29,L29) -> 694537.81 | R29: =Q29*E29 -> 1389075.6
A30: 20 DE JULIO | B30: 15 | C30: AGRUPACION MUSICAL | D30: Presentación musical- mínimo 5 músicos en escena más voz lider incluye rider técnico y catering, duración de 60 minutos en tarima. | E30: 1 | F30: UNIDAD | G30: 7200000 | H30: 0 | I30: =IFERROR(H30/G30,0) -> 0 | J30: 7200000 | K30: 7200000 | L30: 8400000 | M30: 1596000 | N30: =IFERROR(M30/L30,0) -> 0.19 | O30: 9996000 | P30: 9996000 | Q30: =AVERAGE(G30,L30) -> 7800000 | R30: =Q30*E30 -> 7800000
A31: 20 DE JULIO | B31: 16 | C31: SAYCO | D31: Pago de derechos sayco eventos 1 slmmlv. | E31: 1 | F31: UNIDAD | G31: 2000000 | H31: 0 | I31: =IFERROR(H31/G31,0) -> 0 | J31: 2000000 | K31: 2000000 | L31: 1750905 | M31: 0 | N31: =IFERROR(M31/L31,0) -> 0 | O31: 1750905 | P31: 1750905 | Q31: =AVERAGE(G31,L31) -> 1875452.5 | R31: =Q31*E31 -> 1875452.5
A32: PARQUE RENACE | B32: 1 | C32: REFRIGERIO | D32: Producto de panadería de 120 gramos combinada con una proteína variada (pastel hojaldrado de carne o pollo ó sanduche). Jugo de 200 ml en empaque doy pack, varios sabores. Complemento: galleta de mantequilla de 50 gramos, o una (1) chocolatina de 12 gramos y una (1) fruta de temporada 60 gramos. En caja blanca de cartón para alimentos. | E32: 200 | F32: UNIDAD | G32: 15000 | H32: 1200 | I32: =IFERROR(H32/G32,0) -> 0.08 | J32: 16200 | K32: 3240000 | L32: 18000 | M32: 3420 | N32: =IFERROR(M32/L32,0) -> 0.19 | O32: 21420 | P32: 4284000 | Q32: =AVERAGE(G32,L32) -> 16500 | R32: =Q32*E32 -> 3300000
A33: PARQUE RENACE | B33: 2 | C33: HIDRATACION | D33: Botella de agua pura tratada, presentación de 300 ml, con registro Invima de marca reconocida. | E33: 2000 | F33: UNIDAD | G33: 1080 | H33: 0 | I33: =IFERROR(H33/G33,0) -> 0 | J33: 1080 | K33: 2160000 | L33: 1500 | M33: 285 | N33: =IFERROR(M33/L33,0) -> 0.19 | O33: 1785 | P33: 3570000 | Q33: =AVERAGE(G33,L33) -> 1290 | R33: =Q33*E33 -> 2580000
A34: PARQUE RENACE | B34: 3 | C34: ALMUERZO | D34: Una (1) proteína de 150 gramos (pechuga de pollo, carne magra de res o cerdo), un (1) carbohidrato de 120 porción servida. Ensalada de verduras u hortalizas (lechuga, pepino, zanahoria, cebolla, etc.) 80 gr Jugo de fruta natural (maracuyá, melón, mango, guayaba, etc.) 200 ml En empaque biodegradable con sus respectivos cubiertos del mismo material. | E34: 150 | F34: UNIDAD | G34: 28333.33 | H34: 2266.6664 | I34: =IFERROR(H34/G34,0) -> 0.08 | J34: 30599.996 | K34: 4589999.5 | L34: 20500 | M34: 3895 | N34: =IFERROR(M34/L34,0) -> 0.19 | O34: 24395 | P34: 3659250 | Q34: =AVERAGE(G34,L34) -> 24416.665 | R34: =Q34*E34 -> 3662499.8
A35: PARQUE RENACE | B35: 4 | C35: BAÑOS PORTATILES | D35: Alquiler, transporte y operación de baño químico portátil construido en plástico reforzado con fibra de vidrio, con capacidad de tanque de 250 litros equivalente a 317 usos, rejilla de ventilación antilluvia, inodoro químico, debidamente marcados por género masculino y femenino, incluye transporte a instalación, limpieza dentro del evento con operarios/as. al finalizar el evento, se debe hacer la respectiva descarga con el Baxter. servicio nocturno. | E35: 6 | F35: UNIDAD | G35: 226890.76 | H35: 43109.244 | I35: =IFERROR(H35/G35,0) -> 0.19 | J35: 270000 | K35: 1620000 | L35: 300000 | M35: 57000 | N35: =IFERROR(M35/L35,0) -> 0.19 | O35: 357000 | P35: 2542000 | Q35: =AVERAGE(G35,L35) -> 263445.38 | R35: =Q35*E35 -> 1580672.3
A36: PARQUE RENACE | B36: 5 | C36: PUNTO MEC | D36: Lugar de primera atención como módulo de estabilización y clasificación (mec), lugar donde se inicia la asistencia médica prehos- pitalaria y que se ubica en el área de interven-ción táctica. debe contener mínimo (camilla fija, botiquín tipo b, extintor, férula, 1 médico y 1 enfermero.) | E36: 1 | F36: UNIDAD | G36: 2340000 | H36: 0 | I36: =IFERROR(H36/G36,0) -> 0 | J36: 2340000 | K36: 2340000 | L36: 756000 | M36: 143640 | N36: =IFERROR(M36/L36,0) -> 0.19 | O36: 899640 | P36: 899640 | Q36: =AVERAGE(G36,L36) -> 1548000 | R36: =Q36*E36 -> 1548000
A37: PARQUE RENACE | B37: 6 | C37: BINGO | D37: Alquiler de bingo pantalla led de mínimo 2,5 x1,00 mts con bases, incluye transporte, montaje, desmontaje, operación, con balotera eléctrica, 1 mesa auxiliar para la ubicación de las balotas. | E37: 1 | F37: UNIDAD | G37: 3781512.6 | H37: 718487.4 | I37: =IFERROR(H37/G37,0) -> 0.19 | J37: 4500000 | K37: 4500000 | L37: 1650000 | M37: 313500 | N37: =IFERROR(M37/L37,0) -> 0.19 | O37: 1963500 | P37: 1963500 | Q37: =AVERAGE(G37,L37) -> 2715756.3 | R37: =Q37*E37 -> 2715756.3
A38: PARQUE RENACE | B38: 7 | C38: CARTONES | D38: Cartones marcados con la imagen "cota renace", y marca "cota", tamaños 1/4 de carta, impresión 4x4 tintas full color. | E38: 3000 | F38: UNIDAD | G38: 3025.21 | H38: 574.7899 | I38: =IFERROR(H38/G38,0) -> 0.19 | J38: 3599.9999 | K38: 10800000 | L38: 200 | M38: 38 | N38: =IFERROR(M38/L38,0) -> 0.19 | O38: 238 | P38: 714000 | Q38: =AVERAGE(G38,L38) -> 1612.605 | R38: =Q38*E38 -> 4837815
A39: PARQUE RENACE | B39: 8 | C39: PREMIOS BINGO | D39: Bicicleta todo terreno rin 26 18 velocidades colores variados frenos v-brakes mountain bike. | E39: 1 | F39: UNIDA | G39: 378151.26 | H39: 71848.739 | I39: =IFERROR(H39/G39,0) -> 0.19 | J39: 450000 | K39: 450000 | L39: 500000 | M39: 95000 | N39: =IFERROR(M39/L39,0) -> 0.19 | O39: 595000 | P39: 595000 | Q39: =AVERAGE(G39,L39) -> 439075.63 | R39: =Q39*E39 -> 439075.63
A40: PARQUE RENACE | B40: 9 | D40: Televisor 32 pulgadas de marca reconocida- smart google resolución de 1366 x 768p, variedad de aplicaciones como netflix, disney+, prime video, apple tv, hulu y hbo, conectividad wi-fi, bluetooth y múltiples puertos hdmi y usb, capacidad de almacenamiento 16 gb, ancho x profundidad x altura 71.6 cm x 8.5 cm x 42.4 c. accesorios incluidos baterías, control remoto, manual, soporte de pared. | E40: 2 | F40: UNIDA | G40: 605042.02 | H40: 114957.98 | I40: =IFERROR(H40/G40,0) -> 0.19 | J40: 720000 | K40: 1440000 | L40: 780000 | M40: 148200 | N40: =IFERROR(M40/L40,0) -> 0.19 | O40: 928200 | P40: 1856400 | Q40: =AVERAGE(G40,L40) -> 692521.01 | R40: =Q40*E40 -> 1385042
A41: PARQUE RENACE | B41: 10 | D41: Freidora de aire de marca reconocida, con capacidad 4l -función manual, con recubrimiento diamondforce, con perilla de temperatura ajustable de hasta 200ºc, control de temporizador ajustable de hasta 60 minutos, potencia 1,3 kw- capacidad en volumen 4 l- con control de temperatura - temperatura máxima 200 °c - cantidad de canastos 1. | E41: 1 | F41: UNIDA | G41: 226890.76 | H41: 43109.244 | I41: =IFERROR(H41/G41,0) -> 0.19 | J41: 270000 | K41: 270000 | L41: 420000 | M41: 79800 | N41: =IFERROR(M41/L41,0) -> 0.19 | O41: 499800 | P41: 499800 | Q41: =AVERAGE(G41,L41) -> 323445.38 | R41: =Q41*E41 -> 323445.38
A42: PARQUE RENACE | B42: 11 | D42: Cafetera compacta de marca reconocida. diseño con acabados en acero inoxidable, prepara expreso y cappuccino con una bomba italiana de 1 500 kpa (15 bar). con tanque de agua removible de 1.5 l, con una perilla de control que ajusta el vapor. compatible con cápsulas dolce gusto, también incluye porta filtros y cuchara medidora para café molido. | E42: 2 | F42: UNIDAD | G42: 94537.82 | H42: 17962.186 | I42: =IFERROR(H42/G42,0) -> 0.19 | J42: 112500.01 | K42: 225000.01 | L42: 720000 | M42: 136800 | N42: =IFERROR(M42/L42,0) -> 0.19 | O42: 856800 | P42: 1713600 | Q42: =AVERAGE(G42,L42) -> 407268.91 | R42: =Q42*E42 -> 814537.82
A43: PARQUE RENACE | B43: 12 | D43: Bono de ropa o zapatos, marca reconocida para uso femenino valor mínimo de $ 200,000. | E43: 2 | F43: UNIDAD | G43: 226890.76 | H43: 43109.244 | I43: =IFERROR(H43/G43,0) -> 0.19 | J43: 270000 | K43: 540000.01 | L43: 200000 | M43: 38000 | N43: =IFERROR(M43/L43,0) -> 0.19 | O43: 238000 | P43: 476000 | Q43: =AVERAGE(G43,L43) -> 213445.38 | R43: =Q43*E43 -> 426890.76
A44: PARQUE RENACE | B44: 13 | D44: Bono de spa para 2 personas, en lugar reconocido, que incluya limpieza facial, masaje corporal, terapia aromaterapia o chocoloterapia, jacuzzi o sauna, bebida y snack. | E44: 2 | F44: UNIDAD | G44: 226890.76 | H44: 43109.244 | I44: =IFERROR(H44/G44,0) -> 0.19 | J44: 270000 | K44: 540000.01 | L44: 600000 | M44: 114000 | N44: =IFERROR(M44/L44,0) -> 0.19 | O44: 714000 | P44: 1428000 | Q44: =AVERAGE(G44,L44) -> 413445.38 | R44: =Q44*E44 -> 826890.76
A45: PARQUE RENACE | B45: 14 | C45: AGRUPACIÓN MUSICAL | D45: Presentación musical- incluye 5 músicos más voz líder , duración de 60 minutos. | E45: 1 | F45: UNIDAD | G45: 9000000 | H45: 0 | I45: =IFERROR(H45/G45,0) -> 0 | J45: 9000000 | K45: 9000000 | L45: 8400000 | M45: 1596000 | N45: =IFERROR(M45/L45,0) -> 0.19 | O45: 9996000 | P45: 9996000 | Q45: =AVERAGE(G45,L45) -> 8700000 | R45: =Q45*E45 -> 8700000
A46: PARQUE RENACE | B46: 17 | C46: SAYCO | D46: Pago de derechos sayco eventos | E46: 1 | F46: UNIDAD | G46: 4000000 | H46: 0 | I46: =IFERROR(H46/G46,0) -> 0 | J46: 4000000 | K46: 4000000 | L46: 1750905 | M46: 0 | N46: =IFERROR(M46/L46,0) -> 0 | O46: 1750905 | P46: 1750905 | Q46: =AVERAGE(G46,L46) -> 2875452.5 | R46: =Q46*E46 -> 2875452.5
A47: PARQUE RENACE | B47: 1 | C47: AGRUPACIÓN MUSICAL | D47: Presentación musical- incluye 5 músicos más voz líder, duración de 60 minutos | E47: 1 | F47: UNIDAD | G47: 1200000 | H47: 0 | I47: =IFERROR(H47/G47,0) -> 0 | J47: 1200000 | K47: 1200000 | L47: 8400000 | M47: 1596000 | N47: =IFERROR(M47/L47,0) -> 0.19 | O47: 9996000 | P47: 9996000 | Q47: =AVERAGE(G47,L47) -> 4800000 | R47: =Q47*E47 -> 4800000
A48: PARQUE RENACE | B48: 2 | C48: REFRIGERIO | D48: Producto de panadería de 120 gramos combinada con una proteína variada, (pastel hojaldrado de carne o pollo ó sanduche) Jugo de 200 ml en empaque doy pack, varios sabores. Complementos: una (1) galleta de mantequilla de 50 gramos, o una (1) chocolatina de 12 gramos y una (1) fruta de temporada 60 gramos En caja blanca de cartón para alimentos. | E48: 200 | F48: UNIDAD | G48: 15000 | H48: 1200 | I48: =IFERROR(H48/G48,0) -> 0.08 | J48: 16200 | K48: 3240000 | L48: 18000 | M48: 3420 | N48: =IFERROR(M48/L48,0) -> 0.19 | O48: 21420 | P48: 4284000 | Q48: =AVERAGE(G48,L48) -> 16500 | R48: =Q48*E48 -> 3300000
A49: PARQUE RENACE | B49: 3 | C49: HIDRATACION | D49: Botellas de agua pura tratada, presentación de 300 ml, con registro Invima de marca reconocida. | E49: 400 | F49: UNIDAD | G49: 1080 | H49: 0 | I49: =IFERROR(H49/G49,0) -> 0 | J49: 1080 | K49: 432000 | L49: 1500 | M49: 285 | N49: =IFERROR(M49/L49,0) -> 0.19 | O49: 1785 | P49: 714000 | Q49: =AVERAGE(G49,L49) -> 1290 | R49: =Q49*E49 -> 516000
A50: PARQUE RENACE | B50: 4 | C50: ALMUERZOS | D50: Una (1) proteína de 150 gr (pechuga de pollo, carne magra de res o cerdo), un (1) carbohidrato de 150 grs porción servida 80 grs ensalada de verduras u hortalizas (lechuga, pepino, zanahoria, cebolla, etc.) Jugo de fruta natural (maracuyá, melón, mango, guayaba, etc.) 200 ml En empaque biodegradable con sus respectivos cubiertos del mismo material. | E50: 150 | F50: UNIDAD | G50: 28333.33 | H50: 2266.6664 | I50: =IFERROR(H50/G50,0) -> 0.08 | J50: 30599.996 | K50: 4589999.5 | L50: 20500 | M50: 3895 | N50: =IFERROR(M50/L50,0) -> 0.19 | O50: 24395 | P50: 3659250 | Q50: =AVERAGE(G50,L50) -> 24416.665 | R50: =Q50*E50 -> 3662499.8
A51: PARQUE RENACE | B51: 6 | C51: PRESENTACIÓN MUSICAL | D51: Show musical de duración de una hora con un grupo del género bolero y cantina, de reconocida trayectoria nacional y en donde todos los asistentes podrán disfrutar de gran repertorio musical, que conecte a la audiencia a través de sus interpretaciones con las emociones y encantos de historias personales y anécdotas que seguro ponga a cantar a la audiencia, convirtiéndose en un concierto inolvidable | E51: 1 | F51: UNIDAD | G51: 1200000 | H51: 0 | I51: =IFERROR(H51/G51,0) -> 0 | J51: 1200000 | K51: 1200000 | L51: 24000000 | M51: 4560000 | N51: =IFERROR(M51/L51,0) -> 0.19 | O51: 28560000 | P51: 28560000 | Q51: =AVERAGE(G51,L51) -> 12600000 | R51: =Q51*E51 -> 12600000
A52: PARQUE RENACE | B52: 7 | C52: BAÑOS PORTATILES | D52: Alquiler, transporte y operación de baño químico portátil construido en plástico reforzado con fibra de vidrio, con capacidad de tanque de 250 litros equivalente a 317 usos, rejilla de ventilación antilluvia, inodoro químico, debidamente marcados por género masculino y femenino, incluye transporte a instalación, limpieza dentro del evento con operarios/as. al finalizar el evento, se debe hacer la respectiva descarga con el baxter. servicio nocturno. | E52: 5 | F52: UNIDAD | G52: 226890.76 | H52: 43109.244 | I52: =IFERROR(H52/G52,0) -> 0.19 | J52: 270000 | K52: 1350000 | L52: 300000 | M52: 57000 | N52: =IFERROR(M52/L52,0) -> 0.19 | O52: 357000 | P52: 2185000 | Q52: =AVERAGE(G52,L52) -> 263445.38 | R52: =Q52*E52 -> 1317226.9
A53: PARQUE RENACE | B53: 8 | C53: AMBULANCIA BASICA | D53: Ambulancia básica, conocida como de traslado asistencial básico (tab) o soporte vital básico (svb), vehículo de emergencia diseñado para el traslado seguro de pacientes estables que no requieren monitorización avanzada. está equipada con camilla, oxígeno, inmovilizadores y material de curas, operada por personal capacitado. | E53: 1 | F53: UNIDAD | G53: 4050000 | H53: 0 | I53: =IFERROR(H53/G53,0) -> 0 | J53: 4050000 | K53: 4050000 | L53: 1764000 | M53: 335160 | N53: =IFERROR(M53/L53,0) -> 0.19 | O53: 2099160 | P53: 2099160 | Q53: =AVERAGE(G53,L53) -> 2907000 | R53: =Q53*E53 -> 2907000
A54: PARQUE RENACE | B54: 9 | C54: PUNTO MEC | D54: Lugar de primera atención como módulo de estabilización y clasificación (mec), lugar donde se inicia la asistencia médica prehos- pitalaria y que se ubica en el área de interven- ción táctica. debe contener mínimo (camilla fija, botiquín tipo b, extintor, férula, 1 médico y 1 enfermero.) | E54: 1 | F54: UNIDAD | G54: 2340000 | H54: 0 | I54: =IFERROR(H54/G54,0) -> 0 | J54: 2340000 | K54: 2340000 | L54: 756000 | M54: 143640 | N54: =IFERROR(M54/L54,0) -> 0.19 | O54: 899640 | P54: 899640 | Q54: =AVERAGE(G54,L54) -> 1548000 | R54: =Q54*E54 -> 1548000
A55: PARQUE RENACE | B55: 10 | C55: PREMIOS | D55: Entrega de bono redimible en múltiples tiendas en objetos para el cuidado de mascotas por valor nominal de cien mil pesos ($ 100,000). | E55: 10 | F55: UNIDAD | G55: 150000 | H55: 0 | I55: =IFERROR(H55/G55,0) -> 0 | J55: 150000 | K55: 1500000 | L55: 100000 | M55: 19000 | N55: =IFERROR(M55/L55,0) -> 0.19 | O55: 119000 | P55: 1190000 | Q55: =AVERAGE(G55,L55) -> 125000 | R55: =Q55*E55 -> 1250000
A56: PARQUE RENACE | B56: 11 | C56: BINGO | D56: Alquiler de bingo pantalla led de mínimo 2,5 x1,00 mts con bases incluye transporte, montaje, desmontaje, operación, con balotera eléctrica, 1 mesa auxiliar para la ubicación de las balotas. | E56: 1 | F56: GLOBAL | G56: 3781512.6 | H56: 718487.4 | I56: =IFERROR(H56/G56,0) -> 0.19 | J56: 4500000 | K56: 4500000 | L56: 1650000 | M56: 313500 | N56: =IFERROR(M56/L56,0) -> 0.19 | O56: 1963500 | P56: 1963500 | Q56: =AVERAGE(G56,L56) -> 2715756.3 | R56: =Q56*E56 -> 2715756.3
... A58: PARQUE RENACE | B58: 13 | C58: PREMIOS BINGO | D58: Bicicleta todo terreno rin 26 18 velocidades colores variados frenos v-brakes mountain bike. | E58: 1 | F58: UNIDA | G58: 378151.26 | H58: 71848.739 | I58: =IFERROR(H58/G58,0) -> 0.19 | J58: 450000 | K58: 450000 | L58: 500000 | M58: 95000 | N58: =IFERROR(M58/L58,0) -> 0.19 | O58: 595000 | P58: 595000 | Q58: =AVERAGE(G58,L58) -> 439075.63 | R58: =Q58*E58 -> 439075.63
A59: PARQUE RENACE | B59: 14 | D59: Televisor 32 pulgadas de marca reconocida- smart google resolución de 1366 x 768p, variedad de aplicaciones como netflix, disney+, prime video, apple tv, hulu y hbo, conectividad wi-fi, bluetooth y múltiples puertos hdmi y usb, capacidad de almacenamiento 16 gb, ancho x profundidad x altura 71.6 cm x 8.5 cm x 42.4 c. accesorios incluidos baterías, control remoto, manual, soporte de pared. | E59: 2 | F59: UNIDA | G59: 605042.02 | H59: 114957.98 | I59: =IFERROR(H59/G59,0) -> 0.19 | J59: 720000 | K59: 1440000 | L59: 780000 | M59: 148200 | N59: =IFERROR(M59/L59,0) -> 0.19 | O59: 928200 | P59: 1856400 | Q59: =AVERAGE(G59,L59) -> 692521.01 | R59: =Q59*E59 -> 1385042
A60: PARQUE RENACE | B60: 15 | D60: Freidora de aire de marca reconocida, con capacidad 4l -función manual, con recubrimiento diamondforce, con perilla de temperatura ajustable de hasta 200ºc, control de temporizador ajustable de hasta 60 minutos, potencia 1,3 kw- capacidad en volumen 4 l- con control de temperatura - temperatura máxima 200 °c - cantidad de canastos 1. | E60: 1 | F60: UNIDA | G60: 226890.76 | H60: 43109.244 | I60: =IFERROR(H60/G60,0) -> 0.19 | J60: 270000 | K60: 270000 | L60: 420000 | M60: 79800 | N60: =IFERROR(M60/L60,0) -> 0.19 | O60: 499800 | P60: 499800 | Q60: =AVERAGE(G60,L60) -> 323445.38 | R60: =Q60*E60 -> 323445.38
A61: PARQUE RENACE | B61: 16 | D61: Máquina 4 en 1 sandwichera, waflera donera y parrilla incluye 1 x maquina eléctrica 4 en 1 - 1 x placas para dona - 1 x placas para wafles - 1 x placas para sándwich - 1 x placa de parrilla - modelo detallado 4 en 1 - potencia - 1,2 kw - capacidad de sándwiches 2 - tipos de placas - grill, wafles, donas -material - plástico- con superficie antiadherente - con traba de seguridad -con luz de encendido - con placas removibles -con mango resistente al calor - altura 10 cm - ancho 20 cm largo - 20 cm | E61: 2 | F61: UNIDA | G61: 107147 | H61: 20357.93 | I61: =IFERROR(H61/G61,0) -> 0.19 | J61: 127504.93 | K61: 255009.86 | L61: 336000 | M61: 63840 | N61: =IFERROR(M61/L61,0) -> 0.19 | O61: 399840 | P61: 799680 | Q61: =AVERAGE(G61,L61) -> 221573.5 | R61: =Q61*E61 -> 443147
A62: PARQUE RENACE | B62: 17 | D62: Licuadora de marca reconocida: capacidad total 1,25 l- especificaciones potencia 700 w- cantidad de velocidades 3- velocidad de rotación 600 rpm- funciones y programas apto para picar hielo -con función turbo. profundidad 19 cm altura- 40,6 cm ancho -19 cm - peso 3,4 kg | E62: 2 | F62: UNIDA | G62: 110000 | H62: 20900 | I62: =IFERROR(H62/G62,0) -> 0.19 | J62: 130900 | K62: 261800 | L62: 360000 | M62: 68400 | N62: =IFERROR(M62/L62,0) -> 0.19 | O62: 428400 | P62: 856800 | Q62: =AVERAGE(G62,L62) -> 235000 | R62: =Q62*E62 -> 470000
A63: PARQUE RENACE | B63: 18 | D63: Cena romantica para dos personas en lugar reconocido, donde incluya entrada, plato fuerte, bebida y postre. | E63: 1 | F63: UNIDAD | G63: 200000 | H63: 16000 | I63: =IFERROR(H63/G63,0) -> 0.08 | J63: 216000 | K63: 216000 | L63: 480000 | M63: 91200 | N63: =IFERROR(M63/L63,0) -> 0.19 | O63: 571200 | P63: 571200 | Q63: =AVERAGE(G63,L63) -> 340000 | R63: =Q63*E63 -> 340000
A64: PARQUE RENACE | B64: 19 | D64: Vajilla 4 puestos 16 piezas de marca reconocida y fabricación nacional tipo de juego - almuerzo- material- loza componente y dimensiones aproximadas: - 4 platos postre 19.5cm malli - 4 platos pando 24.7cm malli - 4 platos hondo 730ml malli - 4 mug 306.2ml color taupé | E64: 1 | F64: UNIDA | G64: 68000 | H64: 12920 | I64: =IFERROR(H64/G64,0) -> 0.19 | J64: 80920 | K64: 80920 | L64: 336000 | M64: 63840 | N64: =IFERROR(M64/L64,0) -> 0.19 | O64: 399840 | P64: 399840 | Q64: =AVERAGE(G64,L64) -> 202000 | R64: =Q64*E64 -> 202000
A65: PARQUE RENACE | B65: 20 | D65: Administración de premiación (bonos) | E65: 1 | F65: Global | G65: 500000 | H65: 0 | I65: =IFERROR(H65/G65,0) -> 0 | J65: 500000 | K65: 500000 | L65: 800000 | M65: 152000 | N65: =IFERROR(M65/L65,0) -> 0.19 | O65: 952000 | P65: 952000 | Q65: =AVERAGE(G65,L65) -> 650000 | R65: =Q65*E65 -> 650000
A66: PARQUE RENACE | B66: 1 | C66: REFRIGERIO | D66: Producto de panadería de 120 gramos combinada con una proteína variada, (pastel hojaldrado de carne o pollo ó sanduche) Jugo de 200 ml en empaque doy pack, varios sabores. Complementos: una (1) galleta de mantequilla de 50 gramos, o una (1) chocolatina de 12 gramos y una (1) fruta de temporada 60 gramos En caja blanca de cartón para alimentos. | E66: 200 | F66: UNIDAD | G66: 15000 | H66: 1200 | I66: =IFERROR(H66/G66,0) -> 0.08 | J66: 16200 | K66: 3240000 | L66: 18000 | M66: 3420 | N66: =IFERROR(M66/L66,0) -> 0.19 | O66: 21420 | P66: 4284000 | Q66: =AVERAGE(G66,L66) -> 16500 | R66: =Q66*E66 -> 3300000
A67: PARQUE RENACE | B67: 2 | C67: HIDRATACION | D67: Botella de agua pura tratada, presentación de 300 ml, con registro Invima. marca reconocida | E67: 400 | F67: UNIDAD | G67: 1080 | H67: 0 | I67: =IFERROR(H67/G67,0) -> 0 | J67: 1080 | K67: 432000 | L67: 1500 | M67: 285 | N67: =IFERROR(M67/L67,0) -> 0.19 | O67: 1785 | P67: 714000 | Q67: =AVERAGE(G67,L67) -> 1290 | R67: =Q67*E67 -> 516000
A68: PARQUE RENACE | B68: 3 | C68: CENA | D68: Una (1) proteína de 150 gr (pechuga de pollo, carne magra de res o cerdo) , un carbohidrato de 150 grs porción servida 80 grs ensalada de verduras u hortalizas (lechuga, pepino, zanahoria, cebolla, etc.) Jugo de fruta natural (maracuyá, melón, mango, guayaba, etc.) 200 ml En empaque biodegradable con sus respectivos cubiertos del mismo material. | E68: 150 | F68: UNIDAD | G68: 28333.33 | H68: 2266.6664 | I68: =IFERROR(H68/G68,0) -> 0.08 | J68: 30599.996 | K68: 4589999.5 | L68: 20500 | M68: 3895 | N68: =IFERROR(M68/L68,0) -> 0.19 | O68: 24395 | P68: 3659250 | Q68: =AVERAGE(G68,L68) -> 24416.665 | R68: =Q68*E68 -> 3662499.8
A69: PARQUE RENACE | B69: 4 | C69: BAÑOS PORTATILES | D69: Alquiler, transporte y operación de baño químico portátil construido en plástico reforzado con fibra de vidrio, con capacidad de tanque de 250 litros equivalente a 317 usos, rejilla de ventilación antilluvia, inodoro químico, debidamente marcados por género masculino y femenino, incluye transporte a instalación, limpieza dentro del evento con operarios/as. al finalizar el evento, se debe hacer la respectiva descarga con el Baxter. servicio nocturno. | E69: 8 | F69: UNIDAD | G69: 226890.76 | H69: 43109.244 | I69: =IFERROR(H69/G69,0) -> 0.19 | J69: 270000 | K69: 2160000 | L69: 300000 | M69: 57000 | N69: =IFERROR(M69/L69,0) -> 0.19 | O69: 357000 | P69: 3256000 | Q69: =AVERAGE(G69,L69) -> 263445.38 | R69: =Q69*E69 -> 2107563
A70: PARQUE RENACE | B70: 5 | C70: GRUPO ARTÍSTICO | D70: Artista: musical con temática apropiada para los niños del municipio de cota | E70: 1 | F70: UNIDAD | G70: 1000000 | H70: 0 | I70: =IFERROR(H70/G70,0) -> 0 | J70: 1000000 | K70: 1000000 | L70: 15000000 | M70: 2850000 | N70: =IFERROR(M70/L70,0) -> 0.19 | O70: 17850000 | P70: 17850000 | Q70: =AVERAGE(G70,L70) -> 8000000 | R70: =Q70*E70 -> 8000000
A71: PARQUE RENACE | B71: 6 | C71: TABLET | D71: Tablet con capacidad total de memoria ram: 4 gb, con capacidad: 64 gb, sistema operativo: android 14, con procesador cortex-a75 de 2ghz, resolución de pantalla de 1340px x 800px, con lector micro-sdxc, memoria interna expandible hasta 2 tb con fuente externa, con entrada para audífonos, con duración de batería mínimo 4 horas | E71: 4 | F71: UNIDAD | G71: 470000 | H71: 89300 | I71: =IFERROR(H71/G71,0) -> 0.19 | J71: 559300 | K71: 2237200 | L71: 780000 | M71: 148200 | N71: =IFERROR(M71/L71,0) -> 0.19 | O71: 928200 | P71: 3712800 | Q71: =AVERAGE(G71,L71) -> 625000 | R71: =Q71*E71 -> 2500000
A72: PARQUE RENACE | B72: 7 | C72: BICICLETA | D72: Bicicleta todo terreno rin 26 18 velocidades colores variados frenos v-brakes tipo mountain bike | E72: 4 | F72: UNIDAD | G72: 378151.26 | H72: 71848.739 | I72: =IFERROR(H72/G72,0) -> 0.19 | J72: 450000 | K72: 1800000 | L72: 500000 | M72: 95000 | N72: =IFERROR(M72/L72,0) -> 0.19 | O72: 595000 | P72: 2380000 | Q72: =AVERAGE(G72,L72) -> 439075.63 | R72: =Q72*E72 -> 1756302.5
A73: PARQUE RENACE | B73: 8 | C73: CONSOLA DE VIDEO JUEGOS | D73: Consola híbrida de octava generación, que funciona como dispositivo de sobremesa (conectado al televisor vía dock) y portátil. con mandos joy-con desmontables, pantalla táctil de 6.2 pulgadas (lcd) o 7 pulgadas (modelo oled), y permite el multijugador local o en línea. | E73: 2 | F73: UNIDAD | G73: 1499000 | H73: 284810 | I73: =IFERROR(H73/G73,0) -> 0.19 | J73: 1783810 | K73: 3567620 | L73: 2160000 | M73: 410400 | N73: =IFERROR(M73/L73,0) -> 0.19 | O73: 2570400 | P73: 5140800 | Q73: =AVERAGE(G73,L73) -> 1829500 | R73: =Q73*E73 -> 3659000
A74: PARQUE RENACE | B74: 9 | C74: BINGO | D74: Alquiler de bingo pantalla led de mínimo 2,5 x1,00 mts con bases incluye transporte, montaje, desmontaje, operación, con balotera eléctrica, 1 mesa auxiliar para la ubicación de las balotas. | E74: 1 | F74: UNIDAD | G74: 3781512.6 | H74: 718487.4 | I74: =IFERROR(H74/G74,0) -> 0.19 | J74: 4500000 | K74: 4500000 | L74: 1650000 | M74: 313500 | N74: =IFERROR(M74/L74,0) -> 0.19 | O74: 1963500 | P74: 1963500 | Q74: =AVERAGE(G74,L74) -> 2715756.3 | R74: =Q74*E74 -> 2715756.3
A75: PARQUE RENACE | B75: 10 | C75: CARTONES | D75: Cartón marcado con la imagen "cota renace", y marca "cota", tamaños 1/4 de carta, impresión 4x4 tintas full color | E75: 2000 | F75: UNIDAD | G75: 4537.82 | H75: 862.1858 | I75: =IFERROR(H75/G75,0) -> 0.19 | J75: 5400.0058 | K75: 10800012 | L75: 200 | M75: 38 | N75: =IFERROR(M75/L75,0) -> 0.19 | O75: 238 | P75: 476000 | Q75: =AVERAGE(G75,L75) -> 2368.91 | R75: =Q75*E75 -> 4737820
A76: PARQUE RENACE | B76: 1 | C76: REFRIGERIO | D76: Producto de panadería de 120 gramos combinada con una proteína variada, (pastel hojaldrado de carne o pollo ó sanduche) Jugo de 200 ml en empaque doy pack, varios sabores. Complemento: una (1) galleta de mantequilla de 50 gramos, o una (1) chocolatina de 12 gramos y una (1) fruta de temporada 60 gramos En caja blanca de cartón para alimentos | E76: 200 | F76: UNIDAD | G76: 15000 | H76: 1200 | I76: =IFERROR(H76/G76,0) -> 0.08 | J76: 16200 | K76: 3240000 | L76: 18000 | M76: 3420 | N76: =IFERROR(M76/L76,0) -> 0.19 | O76: 21420 | P76: 4284000 | Q76: =AVERAGE(G76,L76) -> 16500 | R76: =Q76*E76 -> 3300000
A77: PARQUE RENACE | B77: 2 | C77: HIDRATACION | D77: Botella de agua pura tratada, presentación de 300 ml, con registro Invima. marca reconocida | E77: 400 | F77: UNIDAD | G77: 1080 | H77: 0 | I77: =IFERROR(H77/G77,0) -> 0 | J77: 1080 | K77: 432000 | L77: 1500 | M77: 285 | N77: =IFERROR(M77/L77,0) -> 0.19 | O77: 1785 | P77: 714000 | Q77: =AVERAGE(G77,L77) -> 1290 | R77: =Q77*E77 -> 516000
... A89: SEMANA JUVENTUD | B89: 9 | C89: ARTÍSTICOS | D89: Shows musicales en tarima géneros diversos 30 minutos incluye rider técnico. GRAN TOTAL IVA INCLUIDO | E89: 8 | F89: GLOBAL | G89: 4500000 | H89: 0 | I89: =IFERROR(H89/G89,0) -> 0 | J89: 4500000 | K89: 36000000 | L89: 7560000 | M89: 1436400 | N89: =IFERROR(M89/L89,0) -> 0.19 | O89: 8996400 | P89: 71971200 | Q89: =AVERAGE(G89,L89) -> 6030000 | R89: =Q89*E89 -> 48240000
A90: TOTAL GENERAL | K90: =SUM(K5:K89) -> 2.7572805e+08 | P90: =SUM(P5:P89) -> 380811820 | R90: =SUM(R5:R89) -> 2.8574049e+08

Sheet AGENDA JUVENIL
A1: ESTUDIO DE MERCADO - AGENDA JUVENIL - COMPARACIÓN DE UNITARIOS ANTES DE IVA/INC
A2: Metodología: la comparación económica se realiza sobre el VALOR UNITARIO ANTES DE IVA/INC. El IVA/INC se normaliza como diferencia entre el valor unitario incluido y el valor unitario antes de impuestos, para evitar comparar tratamientos tributarios distintos.
A3: INFORMACIÓN TÉCNICA DEL ÍTEM | F3: EDY ANGARITA PRODUCCIONES SAS | K3: A&C LOGISTICA & PRODUCCION DE EVENTOS LTDA | P3: VALOR PROMEDIO BASE ANTES DE IVA/INC
A4: ITEM | B4: DESCRIPCIÓN | C4: ESPECIFICACIONES / REQUERIMIENTOS TÉCNICOS | D4: CANTIDAD | E4: UNIDAD DE MEDIDA | F4: VALOR UNITARIO (ANTES IVA/INC) | G4: IVA / INC ($ NORMALIZADO) | H4: TARIFA OBSERVADA | I4: VALOR UNITARIO INCL. IVA/INC | J4: VALOR TOTAL INCL. IVA/INC | K4: VALOR UNITARIO (ANTES IVA/INC) | L4: IVA / INC ($ NORMALIZADO) | M4: TARIFA OBSERVADA | N4: VALOR UNITARIO INCL. IVA/INC | O4: VALOR TOTAL INCL. IVA/INC | P4: PROMEDIO UNITARIO ANTES IVA/INC | Q4: PROMEDIO TOTAL ANTES IVA/INC
A5: 1 | B5: TALLER PRESENCIAL: CREACIÓN DE CONTENIDO BASADO EN STORYTELLING | C5: Taller presencial de 4 horas, orientado por un profesional en comunicación, publicidad o áreas afines, enfocado en la creación de contenido digital a partir del storytelling. el espacio aborda inspiración y planeación de contenido, construcción de guiones, edición básica desde el celular y configuración y optimización de perfiles en redes sociales, con el fin de mejorar el alcance y los resultados del contenido publicado. incluye una metodología teórico-práctica y recursos de apoyo como tutorial de edición y herramientas de inteligencia artificial para la creación de guiones. certificado de participacion digital tamaño carta incluye diseño y diagramacion con la informacion de los asistentes al curso. cupo minimo de 60 personas. | D5: 1 | E5: TALLER | F5: 3600000 | G5: 0 | H5: =IFERROR(G5/F5,0) -> 0 | I5: 3600000 | J5: 3600000 | K5: 5280000 | L5: 1003200 | M5: =IFERROR(L5/K5,0) -> 0.19 | N5: 6283200 | O5: 6283200 | P5: =AVERAGE(F5,K5) -> 4440000 | Q5: =P5*D5 -> 4440000
A6: 2 | B6: TALLER PRESENCIAL: LIDERAZGO COLABORATIVO – EQUIPOS EN MOVIMIENTO | C6: Taller presencial de mínimo 2 horas, dirigido a jóvenes entre 14 y 28 años, orientado por un profesional en danza y/o licenciatura en artes -danza y/o artes escénicas o afines. el espacio debe promover el liderazgo, la comunicación asertiva, la empatía y el trabajo en equipo mediante experiencias participativas y dinámicas corporales, utilizando el cuerpo como herramienta de conexión, confianza y cooperación. incluye metodología vivencial, uso de materiales didácticos, memorias visuales, registro fotográfico y certificado de participación digital tamaño carta, incluye diseño y diagramación con la información de los asistentes al curso. cupo mínimo de 60 jóvenes | D6: 1 | E6: TALLER | F6: 2250000 | G6: 0 | H6: =IFERROR(G6/F6,0) -> 0 | I6: 2250000 | J6: 2250000 | K6: 5400000 | L6: 1026000 | M6: =IFERROR(L6/K6,0) -> 0.19 | N6: 6426000 | O6: 6426000 | P6: =AVERAGE(F6,K6) -> 3825000 | Q6: =P6*D6 -> 3825000
A7: 3 | B7: TALLER PRESENCIAL: IA GENERATIVA – DEL PROMPT A LA CREACIÓN. | C7: Taller presencial de mínimo 2 horas, dirigido a jóvenes entre 14 y 28 años, orientado por un profesional en comunicación social y/o marketing y/o afines. el espacio debe fortalecer competencias técnicas, pensamiento crítico y creatividad, a través del uso de ia generativa como herramienta para la creación de contenidos y el desarrollo de proyectos personales o académicos. incluye ejercicios prácticos de creación con prompts, uso de entornos digitales, acceso a recursos de apoyo como videos, presentaciones, tutoriales, y guía aplicadadas. certificado de participación digital tamaño carta incluye diseño y diagramación con la información de los asistentes al curso. cupo mínimo de 60 jóvenes | D7: 1 | E7: TALLER | F7: 2250000 | G7: 0 | H7: =IFERROR(G7/F7,0) -> 0 | I7: 2250000 | J7: 2250000 | K7: 6120000 | L7: 1162800 | M7: =IFERROR(L7/K7,0) -> 0.19 | N7: 7282800 | O7: 7282800 | P7: =AVERAGE(F7,K7) -> 4185000 | Q7: =P7*D7 -> 4185000
A8: 4 | B8: TALLER PRESENCIAL: PLANEACIÓN FINANCIERA PARA JÓVENES | C8: Taller presencial de mínimo 2 horas, dirigido a jóvenes entre 14 y 28 años, orientado por un profesional en finanzas, economía, administración o áreas afines. El espacio debe fortalece habilidades de organización financiera, ahorro, manejo responsable del dinero y toma de decisiones económicas, mediante herramientas prácticas de presupuesto personal, planificación de metas y uso consciente de recursos. Incluye ejercicios aplicados, recursos de apoyo (ejercicios de aplicación, diapositivas, video tutoriales) para el manejo de finanzas personales y certificado de participación digital tamaño carta, incluye diseño y diagramación con la información de los asistentes al curso. Cupo mínimo de 60 jóvenes | D8: 1 | E8: TALLER | F8: 2250000 | G8: 0 | H8: =IFERROR(G8/F8,0) -> 0 | I8: 2250000 | J8: 2250000 | K8: 4320000 | L8: 820800 | M8: =IFERROR(L8/K8,0) -> 0.19 | N8: 5140800 | O8: 5140800 | P8: =AVERAGE(F8,K8) -> 3285000 | Q8: =P8*D8 -> 3285000
A9: 5 | B9: TALLER DE FORMACIÓN. | C9: Taller de formación presencial orientado al desarrollo de habilidades en servicio al cliente y estrategias de venta dirigido a la población juvenil entre los 14 a los 28 años, fortalecemiento de competencias comunicativas, manejo de objeciones, atención al cliente y presentación de productos o servicios, aplicable a iniciativas de emprendimiento, con un minimo de dos (2) horas; orientado por un profesional con experiencia en servicio al cliente, marketing o emprendimiento. cupo mínimo de 60 jovenes | D9: 1 | E9: TALLER | F9: 2700000 | G9: 0 | H9: =IFERROR(G9/F9,0) -> 0 | I9: 2700000 | J9: 2700000 | K9: 4320000 | L9: 820800 | M9: =IFERROR(L9/K9,0) -> 0.19 | N9: 5140800 | O9: 5140800 | P9: =AVERAGE(F9,K9) -> 3510000 | Q9: =P9*D9 -> 3510000
A10: 6 | B10: SUMINISTRO ALMUERZO. | C10: Base o acompañamiento principal: 80 gramos de arroz o pasta proteína: 120 gramos de carne de res, pollo o cerdo (a la plancha, al horno o guisado). Guarnición: 100 gramos de papa criolla, plátano maduro o papa frita (una opción por ración). Ensalada fresca: 80 gramos de vegetales variados (lechuga, tomate, zanahoria, repollo, aderezo). Bebida natural: jugo de fruta del día (12 oz / 350 ml) elaborado con fruta natural o concentrado pasteurizado, servido frío. Incluye servicio a la mesa y menaje. | D10: 200 | E10: ALMUERZO | F10: 33333.33 | G10: 2666.6664 | H10: =IFERROR(G10/F10,0) -> 0.08 | I10: 35999.996 | J10: 7199999.3 | K10: 30000 | L10: 5700 | M10: =IFERROR(L10/K10,0) -> 0.19 | N10: 35700 | O10: 7680000 | P10: =AVERAGE(F10,K10) -> 31666.665 | Q10: =P10*D10 -> 6333333
A11: 7 | B11: SUMINISTRO REFRIGERIO. | C11: menú: 1) sándwiche en pan blandito o francés de 80 gr, acompañado de tajada de jamón de 25 gr, con servilleta y bolsa metalizada unipersonal; bebida: refresco saludable endulzado con panela de 200 ml sabores surtidos; fruta de cosecha entre 100 gr a 120 gr y dulce de chocolate o masmelo de 5 a 8gr unipersonal empacado individual en bandeja o bolsa que sean biodegradables. 2) pastel de pollo 150 gramos, con servilleta y bolsa metalizada unipersonal, bebida: refresco saludable endulzado con panela de 200 ml sabores surtidos; fruta de cosecha entre 100 gr a 120 gr y dulce de chocolate de 14 a 20gr unipersonal empacado individual en bandeja o bolsa que sean biodegradables. | D11: 300 | E11: UNIDAD | F11: 16666.669 | G11: 1333.3335 | H11: =IFERROR(G11/F11,0) -> 0.08 | I11: 18000.003 | J11: 5400000.8 | K11: 24000 | L11: 4560 | M11: =IFERROR(L11/K11,0) -> 0.19 | N11: 28560 | O11: 8568000 | P11: =AVERAGE(F11,K11) -> 20333.335 | Q11: =P11*D11 -> 6100000.4
A12: 8 | B12: SUMINISTRO HIDRATACION. | C12: Hidratación botellas de agua pura tratada presentación de 300 ml con registro Invima, marca reconocida en Cundinamarca. | D12: 600 | E12: UNIDAD | F12: 1080 | G12: 0 | H12: =IFERROR(G12/F12,0) -> 0 | I12: 1080 | J12: 648000 | K12: 1500 | L12: 285 | M12: =IFERROR(L12/K12,0) -> 0.19 | N12: 1785 | O12: 1071000 | P12: =AVERAGE(F12,K12) -> 1290 | Q12: =P12*D12 -> 774000
A13: 9 | B13: SUMINISTRO CERTIFICADO DE PARTICIPACION. | C13: Certificado de participación juvenil en papel propalcote de 240 gramos, impresión digital full color, tamaño 28x 20 cm, el diseño será suministrado por la entidad. | D13: 150 | E13: UNIDAD | F13: 6806.72 | G13: 1293.2768 | H13: =IFERROR(G13/F13,0) -> 0.19 | I13: 8099.9968 | J13: 1214999.5 | K13: 4500 | L13: 855 | M13: =IFERROR(L13/K13,0) -> 0.19 | N13: 5355 | O13: 803250 | P13: =AVERAGE(F13,K13) -> 5653.36 | Q13: =P13*D13 -> 848004
A14: 10 | B14: KIT AGENDA. | C14: Kid agenda tamaño media carta y esfero contramarcado para talleres ofertados, con portada y contraportada personalizada (según diseño aprobado por la secretaría de cultura y juventudes) en cartón de 2mm, papel fotográfico mate o brillante de 135 gramos, anillado doble, hojas blanca cuadriculada, papel bond de 75 gramos. | D14: 150 | E14: UNIDD | F14: 37815.13 | G14: 7184.8747 | H14: =IFERROR(G14/F14,0) -> 0.19 | I14: 45000.005 | J14: 6750000.7 | K14: 30000 | L14: 5700 | M14: =IFERROR(L14/K14,0) -> 0.19 | N14: 35700 | O14: 5355000 | P14: =AVERAGE(F14,K14) -> 33907.565 | Q14: =P14*D14 -> 5086134.8
A15: TOTAL EVENTO | J15: =SUM(J5:J14) -> 34263000 | O15: =SUM(O5:O14) -> 53750850 | Q15: =SUM(Q5:Q14) -> 38386472

Sheet 20 DE JULIO
A1: ESTUDIO DE MERCADO - 20 DE JULIO - COMPARACIÓN DE UNITARIOS ANTES DE IVA/INC
A2: Metodología: la comparación económica se realiza sobre el VALOR UNITARIO ANTES DE IVA/INC. El IVA/INC se normaliza como diferencia entre el valor unitario incluido y el valor unitario antes de impuestos, para evitar comparar tratamientos tributarios distintos.
A3: INFORMACIÓN TÉCNICA DEL ÍTEM | F3: EDY ANGARITA PRODUCCIONES SAS | K3: A&C LOGISTICA & PRODUCCION DE EVENTOS LTDA | P3: VALOR PROMEDIO BASE ANTES DE IVA/INC
A4: ITEM | B4: DESCRIPCIÓN | C4: ESPECIFICACIONES / REQUERIMIENTOS TÉCNICOS | D4: CANTIDAD | E4: UNIDAD DE MEDIDA | F4: VALOR UNITARIO (ANTES IVA/INC) | G4: IVA / INC ($ NORMALIZADO) | H4: TARIFA OBSERVADA | I4: VALOR UNITARIO INCL. IVA/INC | J4: VALOR TOTAL INCL. IVA/INC | K4: VALOR UNITARIO (ANTES IVA/INC) | L4: IVA / INC ($ NORMALIZADO) | M4: TARIFA OBSERVADA | N4: VALOR UNITARIO INCL. IVA/INC | O4: VALOR TOTAL INCL. IVA/INC | P4: PROMEDIO UNITARIO ANTES IVA/INC | Q4: PROMEDIO TOTAL ANTES IVA/INC
A5: 1 | B5: REFRIGERIO | C5: Producto de panadería de 120 gramos combinada con una proteína variada (pastel hojaldrado de carne o pollo ó sanduche). Jugo de 200 ml en empaque doy pack, varios sabores. Complemento: galleta de mantequilla de 50 gramos, o una (1) chocolatina de 12 gramos y una (1) fruta de temporada 60 gramos. En caja blanca de cartón para alimentos. | D5: 350 | E5: UNIDAD | F5: 15000 | G5: 1200 | H5: =IFERROR(G5/F5,0) -> 0.08 | I5: 16200 | J5: 5670000 | K5: 18000 | L5: 3420 | M5: =IFERROR(L5/K5,0) -> 0.19 | N5: 21420 | O5: 7497000 | P5: =AVERAGE(F5,K5) -> 16500 | Q5: =P5*D5 -> 5775000
A6: 2 | B6: DESAYUNO | C6: 2 opciones de preparación de huevos 80 gr, bebida caliente (café, chocolate, agua de panela) 8 onzas, queso doble crema 50 gr, producto de panadería 40 gr, jugo de naranja 8 onzas, incluye menaje, línea servicio y samovar. | D6: 70 | E6: UNIDAD | F6: 16666.67 | G6: 1333 | H6: =IFERROR(G6/F6,0) -> 0.079979984 | I6: 17999.67 | J6: 1259976.9 | K6: 42000 | L6: 7980 | M6: =IFERROR(L6/K6,0) -> 0.19 | N6: 49980 | O6: 4038600 | P6: =AVERAGE(F6,K6) -> 29333.335 | Q6: =P6*D6 -> 2053333.4
A7: 3 | B7: HIDRATACION | C7: Botella de agua pura tratada, presentación de 300 ml, con registro Invima de marca reconocida. | D7: 1200 | E7: UNIDAD | F7: 1080 | G7: 0 | H7: =IFERROR(G7/F7,0) -> 0 | I7: 1080 | J7: 1296000 | K7: 1500 | L7: 285 | M7: =IFERROR(L7/K7,0) -> 0.19 | N7: 1785 | O7: 2142000 | P7: =AVERAGE(F7,K7) -> 1290 | Q7: =P7*D7 -> 1548000
A8: 4 | B8: ALMUERZO | C8: Una (1) proteína de 150 gramos (pechuga de pollo, carne magra de res o cerdo), un (1) carbohidrato de 120 porción servida. Ensalada de verduras u hortalizas (lechuga, pepino, zanahoria, cebolla, etc.) 80 gr Jugo de fruta natural (maracuyá, melón, mango, guayaba, etc.) 200 ml En empaque biodegradable con sus respectivos cubiertos del mismo material. | D8: 160 | E8: UNIDAD | F8: 28333.33 | G8: 2266.6664 | H8: =IFERROR(G8/F8,0) -> 0.08 | I8: 30599.996 | J8: 4895999.4 | K8: 20500 | L8: 3895 | M8: =IFERROR(L8/K8,0) -> 0.19 | N8: 24395 | O8: 3903200 | P8: =AVERAGE(F8,K8) -> 24416.665 | Q8: =P8*D8 -> 3906666.4
A9: 5 | B9: BAÑOS PORTATILES | C9: Alquiler, transporte y operación de baño químico portátil construido en plástico reforzado con fibra de vidrio, con capacidad de tanque de 250 litros equivalente a 317 usos, rejilla de ventilación antilluvia, inodoro químico, debidamente marcados por género masculino y femenino, incluye transporte a instalación, limpieza dentro del evento con operarios/as. al finalizar el evento, se debe hacer la respectiva descarga con el Baxter. servicio nocturno. | D9: 10 | E9: UNIDAD | F9: 226890.76 | G9: 43109.244 | H9: =IFERROR(G9/F9,0) -> 0.19 | I9: 270000 | J9: 2700000 | K9: 300000 | L9: 57000 | M9: =IFERROR(L9/K9,0) -> 0.19 | N9: 357000 | O9: 3970000 | P9: =AVERAGE(F9,K9) -> 263445.38 | Q9: =P9*D9 -> 2634453.8
A10: 5 | B10: AMBULANCIA BASICA | C10: Ambulancia básica, conocida como de traslado asistencial básico (tab) o soporte vital básico (svb), vehículo de emergencia diseñado para el traslado seguro de pacientes estables que no requieren monitorización avanzada. está equipada con camilla, oxígeno, inmovilizadores y material de curas, operada por personal capacitado. | D10: 1 | E10: UNIDAD | F10: 4050000 | G10: 0 | H10: =IFERROR(G10/F10,0) -> 0 | I10: 4050000 | J10: 4050000 | K10: 1764000 | L10: 335160 | M10: =IFERROR(L10/K10,0) -> 0.19 | N10: 2099160 | O10: 2099160 | P10: =AVERAGE(F10,K10) -> 2907000 | Q10: =P10*D10 -> 2907000
A11: 6 | B11: PUNTO MEC | C11: Lugar de primera atención como módulo de estabilización y clasificación (mec), lugar donde se inicia la asistencia médica prehos- pitalaria y que se ubica en el área de intervención táctica. debe contener mínimo ( camilla fija, botiquín tipo b, extintor, férula, 1 médico y 1 enfermero.) | D11: 1 | E11: UNIDAD | F11: 2340000 | G11: 0 | H11: =IFERROR(G11/F11,0) -> 0 | I11: 2340000 | J11: 2340000 | K11: 756000 | L11: 143640 | M11: =IFERROR(L11/K11,0) -> 0.19 | N11: 899640 | O11: 899640 | P11: =AVERAGE(F11,K11) -> 1548000 | Q11: =P11*D11 -> 1548000
A12: 7 | B12: BINGO | C12: Alquiler de bingo pantalla led de mínimo 2,5 x1,00 mts con bases, incluye transporte, montaje, desmontaje, operación, balotera eléctrica, 1 mesa auxiliar para la ubicación de las balotas. | D12: 1 | E12: UNIDAD | F12: 3781512.6 | G12: 718487.4 | H12: =IFERROR(G12/F12,0) -> 0.19 | I12: 4500000 | J12: 4500000 | K12: 1650000 | L12: 313500 | M12: =IFERROR(L12/K12,0) -> 0.19 | N12: 1963500 | O12: 1963500 | P12: =AVERAGE(F12,K12) -> 2715756.3 | Q12: =P12*D12 -> 2715756.3
A13: 8 | B13: CARTONES | C13: Cartones marcados con la imagen "cota renace", y marca "cota", tamaños 1/4 de carta, impresión 4x4 tintas full color. | D13: 2000 | E13: UNIDAD | F13: 4537.82 | G13: 862.1858 | H13: =IFERROR(G13/F13,0) -> 0.19 | I13: 5400.0058 | J13: 10800012 | K13: 200 | L13: 38 | M13: =IFERROR(L13/K13,0) -> 0.19 | N13: 238 | O13: 476000 | P13: =AVERAGE(F13,K13) -> 2368.91 | Q13: =P13*D13 -> 4737820
A14: 9 | B14: PREMIOS BINGO | C14: Bicicleta todo terreno rin 26 18 velocidades colores variados frenos v-brakes mountain bike. | D14: 2 | E14: UNIDA | F14: 378151.26 | G14: 71848.739 | H14: =IFERROR(G14/F14,0) -> 0.19 | I14: 450000 | J14: 900000 | K14: 500000 | L14: 95000 | M14: =IFERROR(L14/K14,0) -> 0.19 | N14: 595000 | O14: 1190000 | P14: =AVERAGE(F14,K14) -> 439075.63 | Q14: =P14*D14 -> 878151.26
A15: 10 | C15: Televisor 32 pulgadas de marca reconocida-smart google resolución de 1366 x 768p, variedad de aplicaciones como Netflix, disney+, prime video, apple tv, hulu y hbo, conectividad wi-fi, bluetooth y múltiples puertos hdmi y usb, capacidad de almacenamiento 16 gb, ancho x profundidad x altura 71.6 cm x 8.5 cm x 42.4 c. accesorios incluidos baterías, control remoto, manual, soporte de pared. | D15: 2 | E15: UNIDA | F15: 605042.02 | G15: 114957.98 | H15: =IFERROR(G15/F15,0) -> 0.19 | I15: 720000 | J15: 1440000 | K15: 780000 | L15: 148200 | M15: =IFERROR(L15/K15,0) -> 0.19 | N15: 928200 | O15: 1856400 | P15: =AVERAGE(F15,K15) -> 692521.01 | Q15: =P15*D15 -> 1385042
A16: 11 | C16: Freidora de aire de marca reconocida, con capacidad 4l -función manual, con recubrimiento diamondforce, con perilla de temperatura ajustable de hasta 200ºc, control de temporizador ajustable de hasta 60 minutos, potencia 1,3 kw- capacidad en volumen 4 l- con control de temperatura - temperatura máxima 200 °c - cantidad de canastos 1 | D16: 1 | E16: UNIDA | F16: 226890.76 | G16: 43109.244 | H16: =IFERROR(G16/F16,0) -> 0.19 | I16: 270000 | J16: 270000 | K16: 420000 | L16: 79800 | M16: =IFERROR(L16/K16,0) -> 0.19 | N16: 499800 | O16: 499800 | P16: =AVERAGE(F16,K16) -> 323445.38 | Q16: =P16*D16 -> 323445.38
A17: 12 | C17: Cafetera compacta de marca reconocida. diseño con acabados en acero inoxidable, prepara expreso y cappuccino con una bomba italiana de 1 500 kpa (15 bar). con tanque de agua removible de 1.5 l, con una perilla de control que ajusta el vapor. compatible con cápsulas dolce gusto, también incluye porta filtros y cuchara medidora para café molido. | D17: 2 | E17: UNIDAD | F17: 189075.63 | G17: 35924.37 | H17: =IFERROR(G17/F17,0) -> 0.19 | I17: 225000 | J17: 450000 | K17: 720000 | L17: 136800 | M17: =IFERROR(L17/K17,0) -> 0.19 | N17: 856800 | O17: 1713600 | P17: =AVERAGE(F17,K17) -> 454537.82 | Q17: =P17*D17 -> 909075.63
A18: 13 | C18: Parlante de sonido con potencia de salida de 80 w, autonomía máxima de la batería de 18 horas, diseño portátil e inalámbrico para llevar a cualquier lugar, a prueba de agua y luces led integrada. | D18: 2 | E18: UNIDAD | F18: 151260.5 | G18: 28739.495 | H18: =IFERROR(G18/F18,0) -> 0.19 | I18: 179999.99 | J18: 359999.99 | K18: 780000 | L18: 148200 | M18: =IFERROR(L18/K18,0) -> 0.19 | N18: 928200 | O18: 1856400 | P18: =AVERAGE(F18,K18) -> 465630.25 | Q18: =P18*D18 -> 931260.5
A19: 14 | C19: Reloj inteligente marca reconocida, versión del smartwatch: sport, resistente al agua, con conectividad por bluetooth, batería con carga rápida, con gps y mapas integrados, con pantalla amoled de 480px×408px. material de la malla: fluoroelastómero. | D19: 2 | E19: UNIDAD | F19: 189075.63 | G19: 35924.37 | H19: =IFERROR(G19/F19,0) -> 0.19 | I19: 225000 | J19: 450000 | K19: 1200000 | L19: 228000 | M19: =IFERROR(L19/K19,0) -> 0.19 | N19: 1428000 | O19: 2856000 | P19: =AVERAGE(F19,K19) -> 694537.81 | Q19: =P19*D19 -> 1389075.6
A20: 15 | B20: AGRUPACION MUSICAL | C20: Presentación musical- mínimo 5 músicos en escena más voz lider incluye rider técnico y catering, duración de 60 minutos en tarima. | D20: 1 | E20: UNIDAD | F20: 7200000 | G20: 0 | H20: =IFERROR(G20/F20,0) -> 0 | I20: 7200000 | J20: 7200000 | K20: 8400000 | L20: 1596000 | M20: =IFERROR(L20/K20,0) -> 0.19 | N20: 9996000 | O20: 9996000 | P20: =AVERAGE(F20,K20) -> 7800000 | Q20: =P20*D20 -> 7800000
A21: 16 | B21: SAYCO | C21: Pago de derechos sayco eventos 1 slmmlv. | D21: 1 | E21: UNIDAD | F21: 2000000 | G21: 0 | H21: =IFERROR(G21/F21,0) -> 0 | I21: 2000000 | J21: 2000000 | K21: 1750905 | L21: 0 | M21: =IFERROR(L21/K21,0) -> 0 | N21: 1750905 | O21: 1750905 | P21: =AVERAGE(F21,K21) -> 1875452.5 | Q21: =P21*D21 -> 1875452.5
A22: TOTAL EVENTO | J22: =SUM(J5:J21) -> 50581988 | O22: =SUM(O5:O21) -> 48708205 | Q22: =SUM(Q5:Q21) -> 43317533

Sheet PARQUE RENACE
A1: ESTUDIO DE MERCADO - PARQUE RENACE - COMPARACIÓN DE UNITARIOS ANTES DE IVA/INC
A2: Metodología: la comparación económica se realiza sobre el VALOR UNITARIO ANTES DE IVA/INC. El IVA/INC se normaliza como diferencia entre el valor unitario incluido y el valor unitario antes de impuestos, para evitar comparar tratamientos tributarios distintos.
A3: INFORMACIÓN TÉCNICA DEL ÍTEM | F3: EDY ANGARITA PRODUCCIONES SAS | K3: A&C LOGISTICA & PRODUCCION DE EVENTOS LTDA | P3: VALOR PROMEDIO BASE ANTES DE IVA/INC
A4: ITEM | B4: DESCRIPCIÓN | C4: ESPECIFICACIONES / REQUERIMIENTOS TÉCNICOS | D4: CANTIDAD | E4: UNIDAD DE MEDIDA | F4: VALOR UNITARIO (ANTES IVA/INC) | G4: IVA / INC ($ NORMALIZADO) | H4: TARIFA OBSERVADA | I4: VALOR UNITARIO INCL. IVA/INC | J4: VALOR TOTAL INCL. IVA/INC | K4: VALOR UNITARIO (ANTES IVA/INC) | L4: IVA / INC ($ NORMALIZADO) | M4: TARIFA OBSERVADA | N4: VALOR UNITARIO INCL. IVA/INC | O4: VALOR TOTAL INCL. IVA/INC | P4: PROMEDIO UNITARIO ANTES IVA/INC | Q4: PROMEDIO TOTAL ANTES IVA/INC
A5: 1 | B5: REFRIGERIO | C5: Producto de panadería de 120 gramos combinada con una proteína variada (pastel hojaldrado de carne o pollo ó sanduche). Jugo de 200 ml en empaque doy pack, varios sabores. Complemento: galleta de mantequilla de 50 gramos, o una (1) chocolatina de 12 gramos y una (1) fruta de temporada 60 gramos. En caja blanca de cartón para alimentos. | D5: 200 | E5: UNIDAD | F5: 15000 | G5: 1200 | H5: =IFERROR(G5/F5,0) -> 0.08 | I5: 16200 | J5: 3240000 | K5: 18000 | L5: 3420 | M5: =IFERROR(L5/K5,0) -> 0.19 | N5: 21420 | O5: 4284000 | P5: =AVERAGE(F5,K5) -> 16500 | Q5: =P5*D5 -> 3300000
A6: 2 | B6: HIDRATACION | C6: Botella de agua pura tratada, presentación de 300 ml, con registro Invima de marca reconocida. | D6: 2000 | E6: UNIDAD | F6: 1080 | G6: 0 | H6: =IFERROR(G6/F6,0) -> 0 | I6: 1080 | J6: 2160000 | K6: 1500 | L6: 285 | M6: =IFERROR(L6/K6,0) -> 0.19 | N6: 1785 | O6: 3570000 | P6: =AVERAGE(F6,K6) -> 1290 | Q6: =P6*D6 -> 2580000
A7: 3 | B7: ALMUERZO | C7: Una (1) proteína de 150 gramos (pechuga de pollo, carne magra de res o cerdo), un (1) carbohidrato de 120 porción servida. Ensalada de verduras u hortalizas (lechuga, pepino, zanahoria, cebolla, etc.) 80 gr Jugo de fruta natural (maracuyá, melón, mango, guayaba, etc.) 200 ml En empaque biodegradable con sus respectivos cubiertos del mismo material. | D7: 150 | E7: UNIDAD | F7: 28333.33 | G7: 2266.6664 | H7: =IFERROR(G7/F7,0) -> 0.08 | I7: 30599.996 | J7: 4589999.5 | K7: 20500 | L7: 3895 | M7: =IFERROR(L7/K7,0) -> 0.19 | N7: 24395 | O7: 3659250 | P7: =AVERAGE(F7,K7) -> 24416.665 | Q7: =P7*D7 -> 3662499.8
A8: 4 | B8: BAÑOS PORTATILES | C8: Alquiler, transporte y operación de baño químico portátil construido en plástico reforzado con fibra de vidrio, con capacidad de tanque de 250 litros equivalente a 317 usos, rejilla de ventilación antilluvia, inodoro químico, debidamente marcados por género masculino y femenino, incluye transporte a instalación, limpieza dentro del evento con operarios/as. al finalizar el evento, se debe hacer la respectiva descarga con el Baxter. servicio nocturno. | D8: 6 | E8: UNIDAD | F8: 226890.76 | G8: 43109.244 | H8: =IFERROR(G8/F8,0) -> 0.19 | I8: 270000 | J8: 1620000 | K8: 300000 | L8: 57000 | M8: =IFERROR(L8/K8,0) -> 0.19 | N8: 357000 | O8: 2542000 | P8: =AVERAGE(F8,K8) -> 263445.38 | Q8: =P8*D8 -> 1580672.3
A9: 5 | B9: PUNTO MEC | C9: Lugar de primera atención como módulo de estabilización y clasificación (mec), lugar donde se inicia la asistencia médica prehos- pitalaria y que se ubica en el área de interven-ción táctica. debe contener mínimo (camilla fija, botiquín tipo b, extintor, férula, 1 médico y 1 enfermero.) | D9: 1 | E9: UNIDAD | F9: 2340000 | G9: 0 | H9: =IFERROR(G9/F9,0) -> 0 | I9: 2340000 | J9: 2340000 | K9: 756000 | L9: 143640 | M9: =IFERROR(L9/K9,0) -> 0.19 | N9: 899640 | O9: 899640 | P9: =AVERAGE(F9,K9) -> 1548000 | Q9: =P9*D9 -> 1548000
A10: 6 | B10: BINGO | C10: Alquiler de bingo pantalla led de mínimo 2,5 x1,00 mts con bases, incluye transporte, montaje, desmontaje, operación, con balotera eléctrica, 1 mesa auxiliar para la ubicación de las balotas. | D10: 1 | E10: UNIDAD | F10: 3781512.6 | G10: 718487.4 | H10: =IFERROR(G10/F10,0) -> 0.19 | I10: 4500000 | J10: 4500000 | K10: 1650000 | L10: 313500 | M10: =IFERROR(L10/K10,0) -> 0.19 | N10: 1963500 | O10: 1963500 | P10: =AVERAGE(F10,K10) -> 2715756.3 | Q10: =P10*D10 -> 2715756.3
A11: 7 | B11: CARTONES | C11: Cartones marcados con la imagen "cota renace", y marca "cota", tamaños 1/4 de carta, impresión 4x4 tintas full color. | D11: 3000 | E11: UNIDAD | F11: 3025.21 | G11: 574.7899 | H11: =IFERROR(G11/F11,0) -> 0.19 | I11: 3599.9999 | J11: 10800000 | K11: 200 | L11: 38 | M11: =IFERROR(L11/K11,0) -> 0.19 | N11: 238 | O11: 714000 | P11: =AVERAGE(F11,K11) -> 1612.605 | Q11: =P11*D11 -> 4837815
A12: 8 | B12: PREMIOS BINGO | C12: Bicicleta todo terreno rin 26 18 velocidades colores variados frenos v-brakes mountain bike. | D12: 1 | E12: UNIDA | F12: 378151.26 | G12: 71848.739 | H12: =IFERROR(G12/F12,0) -> 0.19 | I12: 450000 | J12: 450000 | K12: 500000 | L12: 95000 | M12: =IFERROR(L12/K12,0) -> 0.19 | N12: 595000 | O12: 595000 | P12: =AVERAGE(F12,K12) -> 439075.63 | Q12: =P12*D12 -> 439075.63
A13: 9 | C13: Televisor 32 pulgadas de marca reconocida- smart google resolución de 1366 x 768p, variedad de aplicaciones como netflix, disney+, prime video, apple tv, hulu y hbo, conectividad wi-fi, bluetooth y múltiples puertos hdmi y usb, capacidad de almacenamiento 16 gb, ancho x profundidad x altura 71.6 cm x 8.5 cm x 42.4 c. accesorios incluidos baterías, control remoto, manual, soporte de pared. | D13: 2 | E13: UNIDA | F13: 605042.02 | G13: 114957.98 | H13: =IFERROR(G13/F13,0) -> 0.19 | I13: 720000 | J13: 1440000 | K13: 780000 | L13: 148200 | M13: =IFERROR(L13/K13,0) -> 0.19 | N13: 928200 | O13: 1856400 | P13: =AVERAGE(F13,K13) -> 692521.01 | Q13: =P13*D13 -> 1385042
A14: 10 | C14: Freidora de aire de marca reconocida, con capacidad 4l -función manual, con recubrimiento diamondforce, con perilla de temperatura ajustable de hasta 200ºc, control de temporizador ajustable de hasta 60 minutos, potencia 1,3 kw- capacidad en volumen 4 l- con control de temperatura - temperatura máxima 200 °c - cantidad de canastos 1. | D14: 1 | E14: UNIDA | F14: 226890.76 | G14: 43109.244 | H14: =IFERROR(G14/F14,0) -> 0.19 | I14: 270000 | J14: 270000 | K14: 420000 | L14: 79800 | M14: =IFERROR(L14/K14,0) -> 0.19 | N14: 499800 | O14: 499800 | P14: =AVERAGE(F14,K14) -> 323445.38 | Q14: =P14*D14 -> 323445.38
A15: 11 | C15: Cafetera compacta de marca reconocida. diseño con acabados en acero inoxidable, prepara expreso y cappuccino con una bomba italiana de 1 500 kpa (15 bar). con tanque de agua removible de 1.5 l, con una perilla de control que ajusta el vapor. compatible con cápsulas dolce gusto, también incluye porta filtros y cuchara medidora para café molido. | D15: 2 | E15: UNIDAD | F15: 94537.82 | G15: 17962.186 | H15: =IFERROR(G15/F15,0) -> 0.19 | I15: 112500.01 | J15: 225000.01 | K15: 720000 | L15: 136800 | M15: =IFERROR(L15/K15,0) -> 0.19 | N15: 856800 | O15: 1713600 | P15: =AVERAGE(F15,K15) -> 407268.91 | Q15: =P15*D15 -> 814537.82
A16: 12 | C16: Bono de ropa o zapatos, marca reconocida para uso femenino valor mínimo de $ 200,000. | D16: 2 | E16: UNIDAD | F16: 226890.76 | G16: 43109.244 | H16: =IFERROR(G16/F16,0) -> 0.19 | I16: 270000 | J16: 540000.01 | K16: 200000 | L16: 38000 | M16: =IFERROR(L16/K16,0) -> 0.19 | N16: 238000 | O16: 476000 | P16: =AVERAGE(F16,K16) -> 213445.38 | Q16: =P16*D16 -> 426890.76
A17: 13 | C17: Bono de spa para 2 personas, en lugar reconocido, que incluya limpieza facial, masaje corporal, terapia aromaterapia o chocoloterapia, jacuzzi o sauna, bebida y snack. | D17: 2 | E17: UNIDAD | F17: 226890.76 | G17: 43109.244 | H17: =IFERROR(G17/F17,0) -> 0.19 | I17: 270000 | J17: 540000.01 | K17: 600000 | L17: 114000 | M17: =IFERROR(L17/K17,0) -> 0.19 | N17: 714000 | O17: 1428000 | P17: =AVERAGE(F17,K17) -> 413445.38 | Q17: =P17*D17 -> 826890.76
A18: 14 | B18: AGRUPACIÓN MUSICAL | C18: Presentación musical- incluye 5 músicos más voz líder , duración de 60 minutos. | D18: 1 | E18: UNIDAD | F18: 9000000 | G18: 0 | H18: =IFERROR(G18/F18,0) -> 0 | I18: 9000000 | J18: 9000000 | K18: 8400000 | L18: 1596000 | M18: =IFERROR(L18/K18,0) -> 0.19 | N18: 9996000 | O18: 9996000 | P18: =AVERAGE(F18,K18) -> 8700000 | Q18: =P18*D18 -> 8700000
A19: 17 | B19: SAYCO | C19: Pago de derechos sayco eventos | D19: 1 | E19: UNIDAD | F19: 4000000 | G19: 0 | H19: =IFERROR(G19/F19,0) -> 0 | I19: 4000000 | J19: 4000000 | K19: 1750905 | L19: 0 | M19: =IFERROR(L19/K19,0) -> 0 | N19: 1750905 | O19: 1750905 | P19: =AVERAGE(F19,K19) -> 2875452.5 | Q19: =P19*D19 -> 2875452.5
A20: 1 | B20: AGRUPACIÓN MUSICAL | C20: Presentación musical- incluye 5 músicos más voz líder, duración de 60 minutos | D20: 1 | E20: UNIDAD | F20: 1200000 | G20: 0 | H20: =IFERROR(G20/F20,0) -> 0 | I20: 1200000 | J20: 1200000 | K20: 8400000 | L20: 1596000 | M20: =IFERROR(L20/K20,0) -> 0.19 | N20: 9996000 | O20: 9996000 | P20: =AVERAGE(F20,K20) -> 4800000 | Q20: =P20*D20 -> 4800000
A21: 2 | B21: REFRIGERIO | C21: Producto de panadería de 120 gramos combinada con una proteína variada, (pastel hojaldrado de carne o pollo ó sanduche) Jugo de 200 ml en empaque doy pack, varios sabores. Complementos: una (1) galleta de mantequilla de 50 gramos, o una (1) chocolatina de 12 gramos y una (1) fruta de temporada 60 gramos En caja blanca de cartón para alimentos. | D21: 200 | E21: UNIDAD | F21: 15000 | G21: 1200 | H21: =IFERROR(G21/F21,0) -> 0.08 | I21: 16200 | J21: 3240000 | K21: 18000 | L21: 3420 | M21: =IFERROR(L21/K21,0) -> 0.19 | N21: 21420 | O21: 4284000 | P21: =AVERAGE(F21,K21) -> 16500 | Q21: =P21*D21 -> 3300000
A22: 3 | B22: HIDRATACION | C22: Botellas de agua pura tratada, presentación de 300 ml, con registro Invima de marca reconocida. | D22: 400 | E22: UNIDAD | F22: 1080 | G22: 0 | H22: =IFERROR(G22/F22,0) -> 0 | I22: 1080 | J22: 432000 | K22: 1500 | L22: 285 | M22: =IFERROR(L22/K22,0) -> 0.19 | N22: 1785 | O22: 714000 | P22: =AVERAGE(F22,K22) -> 1290 | Q22: =P22*D22 -> 516000
A23: 4 | B23: ALMUERZOS | C23: Una (1) proteína de 150 gr (pechuga de pollo, carne magra de res o cerdo), un (1) carbohidrato de 150 grs porción servida 80 grs ensalada de verduras u hortalizas (lechuga, pepino, zanahoria, cebolla, etc.) Jugo de fruta natural (maracuyá, melón, mango, guayaba, etc.) 200 ml En empaque biodegradable con sus respectivos cubiertos del mismo material. | D23: 150 | E23: UNIDAD | F23: 28333.33 | G23: 2266.6664 | H23: =IFERROR(G23/F23,0) -> 0.08 | I23: 30599.996 | J23: 4589999.5 | K23: 20500 | L23: 3895 | M23: =IFERROR(L23/K23,0) -> 0.19 | N23: 24395 | O23: 3659250 | P23: =AVERAGE(F23,K23) -> 24416.665 | Q23: =P23*D23 -> 3662499.8
A24: 6 | B24: PRESENTACIÓN MUSICAL | C24: Show musical de duración de una hora con un grupo del género bolero y cantina, de reconocida trayectoria nacional y en donde todos los asistentes podrán disfrutar de gran repertorio musical, que conecte a la audiencia a través de sus interpretaciones con las emociones y encantos de historias personales y anécdotas que seguro ponga a cantar a la audiencia, convirtiéndose en un concierto inolvidable | D24: 1 | E24: UNIDAD | F24: 1200000 | G24: 0 | H24: =IFERROR(G24/F24,0) -> 0 | I24: 1200000 | J24: 1200000 | K24: 24000000 | L24: 4560000 | M24: =IFERROR(L24/K24,0) -> 0.19 | N24: 28560000 | O24: 28560000 | P24: =AVERAGE(F24,K24) -> 12600000 | Q24: =P24*D24 -> 12600000
A25: 7 | B25: BAÑOS PORTATILES | C25: Alquiler, transporte y operación de baño químico portátil construido en plástico reforzado con fibra de vidrio, con capacidad de tanque de 250 litros equivalente a 317 usos, rejilla de ventilación antilluvia, inodoro químico, debidamente marcados por género masculino y femenino, incluye transporte a instalación, limpieza dentro del evento con operarios/as. al finalizar el evento, se debe hacer la respectiva descarga con el baxter. servicio nocturno. | D25: 5 | E25: UNIDAD | F25: 226890.76 | G25: 43109.244 | H25: =IFERROR(G25/F25,0) -> 0.19 | I25: 270000 | J25: 1350000 | K25: 300000 | L25: 57000 | M25: =IFERROR(L25/K25,0) -> 0.19 | N25: 357000 | O25: 2185000 | P25: =AVERAGE(F25,K25) -> 263445.38 | Q25: =P25*D25 -> 1317226.9
A26: 8 | B26: AMBULANCIA BASICA | C26: Ambulancia básica, conocida como de traslado asistencial básico (tab) o soporte vital básico (svb), vehículo de emergencia diseñado para el traslado seguro de pacientes estables que no requieren monitorización avanzada. está equipada con camilla, oxígeno, inmovilizadores y material de curas, operada por personal capacitado. | D26: 1 | E26: UNIDAD | F26: 4050000 | G26: 0 | H26: =IFERROR(G26/F26,0) -> 0 | I26: 4050000 | J26: 4050000 | K26: 1764000 | L26: 335160 | M26: =IFERROR(L26/K26,0) -> 0.19 | N26: 2099160 | O26: 2099160 | P26: =AVERAGE(F26,K26) -> 2907000 | Q26: =P26*D26 -> 2907000
A27: 9 | B27: PUNTO MEC | C27: Lugar de primera atención como módulo de estabilización y clasificación (mec), lugar donde se inicia la asistencia médica prehos- pitalaria y que se ubica en el área de interven- ción táctica. debe contener mínimo (camilla fija, botiquín tipo b, extintor, férula, 1 médico y 1 enfermero.) | D27: 1 | E27: UNIDAD | F27: 2340000 | G27: 0 | H27: =IFERROR(G27/F27,0) -> 0 | I27: 2340000 | J27: 2340000 | K27: 756000 | L27: 143640 | M27: =IFERROR(L27/K27,0) -> 0.19 | N27: 899640 | O27: 899640 | P27: =AVERAGE(F27,K27) -> 1548000 | Q27: =P27*D27 -> 1548000
A28: 10 | B28: PREMIOS | C28: Entrega de bono redimible en múltiples tiendas en objetos para el cuidado de mascotas por valor nominal de cien mil pesos ($ 100,000). | D28: 10 | E28: UNIDAD | F28: 150000 | G28: 0 | H28: =IFERROR(G28/F28,0) -> 0 | I28: 150000 | J28: 1500000 | K28: 100000 | L28: 19000 | M28: =IFERROR(L28/K28,0) -> 0.19 | N28: 119000 | O28: 1190000 | P28: =AVERAGE(F28,K28) -> 125000 | Q28: =P28*D28 -> 1250000
A29: 11 | B29: BINGO | C29: Alquiler de bingo pantalla led de mínimo 2,5 x1,00 mts con bases incluye transporte, montaje, desmontaje, operación, con balotera eléctrica, 1 mesa auxiliar para la ubicación de las balotas. | D29: 1 | E29: GLOBAL | F29: 3781512.6 | G29: 718487.4 | H29: =IFERROR(G29/F29,0) -> 0.19 | I29: 4500000 | J29: 4500000 | K29: 1650000 | L29: 313500 | M29: =IFERROR(L29/K29,0) -> 0.19 | N29: 1963500 | O29: 1963500 | P29: =AVERAGE(F29,K29) -> 2715756.3 | Q29: =P29*D29 -> 2715756.3
... A31: 13 | B31: PREMIOS BINGO | C31: Bicicleta todo terreno rin 26 18 velocidades colores variados frenos v-brakes mountain bike. | D31: 1 | E31: UNIDA | F31: 378151.26 | G31: 71848.739 | H31: =IFERROR(G31/F31,0) -> 0.19 | I31: 450000 | J31: 450000 | K31: 500000 | L31: 95000 | M31: =IFERROR(L31/K31,0) -> 0.19 | N31: 595000 | O31: 595000 | P31: =AVERAGE(F31,K31) -> 439075.63 | Q31: =P31*D31 -> 439075.63
A32: 14 | C32: Televisor 32 pulgadas de marca reconocida- smart google resolución de 1366 x 768p, variedad de aplicaciones como netflix, disney+, prime video, apple tv, hulu y hbo, conectividad wi-fi, bluetooth y múltiples puertos hdmi y usb, capacidad de almacenamiento 16 gb, ancho x profundidad x altura 71.6 cm x 8.5 cm x 42.4 c. accesorios incluidos baterías, control remoto, manual, soporte de pared. | D32: 2 | E32: UNIDA | F32: 605042.02 | G32: 114957.98 | H32: =IFERROR(G32/F32,0) -> 0.19 | I32: 720000 | J32: 1440000 | K32: 780000 | L32: 148200 | M32: =IFERROR(L32/K32,0) -> 0.19 | N32: 928200 | O32: 1856400 | P32: =AVERAGE(F32,K32) -> 692521.01 | Q32: =P32*D32 -> 1385042
A33: 15 | C33: Freidora de aire de marca reconocida, con capacidad 4l -función manual, con recubrimiento diamondforce, con perilla de temperatura ajustable de hasta 200ºc, control de temporizador ajustable de hasta 60 minutos, potencia 1,3 kw- capacidad en volumen 4 l- con control de temperatura - temperatura máxima 200 °c - cantidad de canastos 1. | D33: 1 | E33: UNIDA | F33: 226890.76 | G33: 43109.244 | H33: =IFERROR(G33/F33,0) -> 0.19 | I33: 270000 | J33: 270000 | K33: 420000 | L33: 79800 | M33: =IFERROR(L33/K33,0) -> 0.19 | N33: 499800 | O33: 499800 | P33: =AVERAGE(F33,K33) -> 323445.38 | Q33: =P33*D33 -> 323445.38
A34: 16 | C34: Máquina 4 en 1 sandwichera, waflera donera y parrilla incluye 1 x maquina eléctrica 4 en 1 - 1 x placas para dona - 1 x placas para wafles - 1 x placas para sándwich - 1 x placa de parrilla - modelo detallado 4 en 1 - potencia - 1,2 kw - capacidad de sándwiches 2 - tipos de placas - grill, wafles, donas -material - plástico- con superficie antiadherente - con traba de seguridad -con luz de encendido - con placas removibles -con mango resistente al calor - altura 10 cm - ancho 20 cm largo - 20 cm | D34: 2 | E34: UNIDA | F34: 107147 | G34: 20357.93 | H34: =IFERROR(G34/F34,0) -> 0.19 | I34: 127504.93 | J34: 255009.86 | K34: 336000 | L34: 63840 | M34: =IFERROR(L34/K34,0) -> 0.19 | N34: 399840 | O34: 799680 | P34: =AVERAGE(F34,K34) -> 221573.5 | Q34: =P34*D34 -> 443147
A35: 17 | C35: Licuadora de marca reconocida: capacidad total 1,25 l- especificaciones potencia 700 w- cantidad de velocidades 3- velocidad de rotación 600 rpm- funciones y programas apto para picar hielo -con función turbo. profundidad 19 cm altura- 40,6 cm ancho -19 cm - peso 3,4 kg | D35: 2 | E35: UNIDA | F35: 110000 | G35: 20900 | H35: =IFERROR(G35/F35,0) -> 0.19 | I35: 130900 | J35: 261800 | K35: 360000 | L35: 68400 | M35: =IFERROR(L35/K35,0) -> 0.19 | N35: 428400 | O35: 856800 | P35: =AVERAGE(F35,K35) -> 235000 | Q35: =P35*D35 -> 470000
A36: 18 | C36: Cena romantica para dos personas en lugar reconocido, donde incluya entrada, plato fuerte, bebida y postre. | D36: 1 | E36: UNIDAD | F36: 200000 | G36: 16000 | H36: =IFERROR(G36/F36,0) -> 0.08 | I36: 216000 | J36: 216000 | K36: 480000 | L36: 91200 | M36: =IFERROR(L36/K36,0) -> 0.19 | N36: 571200 | O36: 571200 | P36: =AVERAGE(F36,K36) -> 340000 | Q36: =P36*D36 -> 340000
A37: 19 | C37: Vajilla 4 puestos 16 piezas de marca reconocida y fabricación nacional tipo de juego - almuerzo- material- loza componente y dimensiones aproximadas: - 4 platos postre 19.5cm malli - 4 platos pando 24.7cm malli - 4 platos hondo 730ml malli - 4 mug 306.2ml color taupé | D37: 1 | E37: UNIDA | F37: 68000 | G37: 12920 | H37: =IFERROR(G37/F37,0) -> 0.19 | I37: 80920 | J37: 80920 | K37: 336000 | L37: 63840 | M37: =IFERROR(L37/K37,0) -> 0.19 | N37: 399840 | O37: 399840 | P37: =AVERAGE(F37,K37) -> 202000 | Q37: =P37*D37 -> 202000
A38: 20 | C38: Administración de premiación (bonos) | D38: 1 | E38: Global | F38: 500000 | G38: 0 | H38: =IFERROR(G38/F38,0) -> 0 | I38: 500000 | J38: 500000 | K38: 800000 | L38: 152000 | M38: =IFERROR(L38/K38,0) -> 0.19 | N38: 952000 | O38: 952000 | P38: =AVERAGE(F38,K38) -> 650000 | Q38: =P38*D38 -> 650000
A39: 1 | B39: REFRIGERIO | C39: Producto de panadería de 120 gramos combinada con una proteína variada, (pastel hojaldrado de carne o pollo ó sanduche) Jugo de 200 ml en empaque doy pack, varios sabores. Complementos: una (1) galleta de mantequilla de 50 gramos, o una (1) chocolatina de 12 gramos y una (1) fruta de temporada 60 gramos En caja blanca de cartón para alimentos. | D39: 200 | E39: UNIDAD | F39: 15000 | G39: 1200 | H39: =IFERROR(G39/F39,0) -> 0.08 | I39: 16200 | J39: 3240000 | K39: 18000 | L39: 3420 | M39: =IFERROR(L39/K39,0) -> 0.19 | N39: 21420 | O39: 4284000 | P39: =AVERAGE(F39,K39) -> 16500 | Q39: =P39*D39 -> 3300000
A40: 2 | B40: HIDRATACION | C40: Botella de agua pura tratada, presentación de 300 ml, con registro Invima. marca reconocida | D40: 400 | E40: UNIDAD | F40: 1080 | G40: 0 | H40: =IFERROR(G40/F40,0) -> 0 | I40: 1080 | J40: 432000 | K40: 1500 | L40: 285 | M40: =IFERROR(L40/K40,0) -> 0.19 | N40: 1785 | O40: 714000 | P40: =AVERAGE(F40,K40) -> 1290 | Q40: =P40*D40 -> 516000
A41: 3 | B41: CENA | C41: Una (1) proteína de 150 gr (pechuga de pollo, carne magra de res o cerdo) , un carbohidrato de 150 grs porción servida 80 grs ensalada de verduras u hortalizas (lechuga, pepino, zanahoria, cebolla, etc.) Jugo de fruta natural (maracuyá, melón, mango, guayaba, etc.) 200 ml En empaque biodegradable con sus respectivos cubiertos del mismo material. | D41: 150 | E41: UNIDAD | F41: 28333.33 | G41: 2266.6664 | H41: =IFERROR(G41/F41,0) -> 0.08 | I41: 30599.996 | J41: 4589999.5 | K41: 20500 | L41: 3895 | M41: =IFERROR(L41/K41,0) -> 0.19 | N41: 24395 | O41: 3659250 | P41: =AVERAGE(F41,K41) -> 24416.665 | Q41: =P41*D41 -> 3662499.8
A42: 4 | B42: BAÑOS PORTATILES | C42: Alquiler, transporte y operación de baño químico portátil construido en plástico reforzado con fibra de vidrio, con capacidad de tanque de 250 litros equivalente a 317 usos, rejilla de ventilación antilluvia, inodoro químico, debidamente marcados por género masculino y femenino, incluye transporte a instalación, limpieza dentro del evento con operarios/as. al finalizar el evento, se debe hacer la respectiva descarga con el Baxter. servicio nocturno. | D42: 8 | E42: UNIDAD | F42: 226890.76 | G42: 43109.244 | H42: =IFERROR(G42/F42,0) -> 0.19 | I42: 270000 | J42: 2160000 | K42: 300000 | L42: 57000 | M42: =IFERROR(L42/K42,0) -> 0.19 | N42: 357000 | O42: 3256000 | P42: =AVERAGE(F42,K42) -> 263445.38 | Q42: =P42*D42 -> 2107563
A43: 5 | B43: GRUPO ARTÍSTICO | C43: Artista: musical con temática apropiada para los niños del municipio de cota | D43: 1 | E43: UNIDAD | F43: 1000000 | G43: 0 | H43: =IFERROR(G43/F43,0) -> 0 | I43: 1000000 | J43: 1000000 | K43: 15000000 | L43: 2850000 | M43: =IFERROR(L43/K43,0) -> 0.19 | N43: 17850000 | O43: 17850000 | P43: =AVERAGE(F43,K43) -> 8000000 | Q43: =P43*D43 -> 8000000
A44: 6 | B44: TABLET | C44: Tablet con capacidad total de memoria ram: 4 gb, con capacidad: 64 gb, sistema operativo: android 14, con procesador cortex-a75 de 2ghz, resolución de pantalla de 1340px x 800px, con lector micro-sdxc, memoria interna expandible hasta 2 tb con fuente externa, con entrada para audífonos, con duración de batería mínimo 4 horas | D44: 4 | E44: UNIDAD | F44: 470000 | G44: 89300 | H44: =IFERROR(G44/F44,0) -> 0.19 | I44: 559300 | J44: 2237200 | K44: 780000 | L44: 148200 | M44: =IFERROR(L44/K44,0) -> 0.19 | N44: 928200 | O44: 3712800 | P44: =AVERAGE(F44,K44) -> 625000 | Q44: =P44*D44 -> 2500000
A45: 7 | B45: BICICLETA | C45: Bicicleta todo terreno rin 26 18 velocidades colores variados frenos v-brakes tipo mountain bike | D45: 4 | E45: UNIDAD | F45: 378151.26 | G45: 71848.739 | H45: =IFERROR(G45/F45,0) -> 0.19 | I45: 450000 | J45: 1800000 | K45: 500000 | L45: 95000 | M45: =IFERROR(L45/K45,0) -> 0.19 | N45: 595000 | O45: 2380000 | P45: =AVERAGE(F45,K45) -> 439075.63 | Q45: =P45*D45 -> 1756302.5
A46: 8 | B46: CONSOLA DE VIDEO JUEGOS | C46: Consola híbrida de octava generación, que funciona como dispositivo de sobremesa (conectado al televisor vía dock) y portátil. con mandos joy-con desmontables, pantalla táctil de 6.2 pulgadas (lcd) o 7 pulgadas (modelo oled), y permite el multijugador local o en línea. | D46: 2 | E46: UNIDAD | F46: 1499000 | G46: 284810 | H46: =IFERROR(G46/F46,0) -> 0.19 | I46: 1783810 | J46: 3567620 | K46: 2160000 | L46: 410400 | M46: =IFERROR(L46/K46,0) -> 0.19 | N46: 2570400 | O46: 5140800 | P46: =AVERAGE(F46,K46) -> 1829500 | Q46: =P46*D46 -> 3659000
A47: 9 | B47: BINGO | C47: Alquiler de bingo pantalla led de mínimo 2,5 x1,00 mts con bases incluye transporte, montaje, desmontaje, operación, con balotera eléctrica, 1 mesa auxiliar para la ubicación de las balotas. | D47: 1 | E47: UNIDAD | F47: 3781512.6 | G47: 718487.4 | H47: =IFERROR(G47/F47,0) -> 0.19 | I47: 4500000 | J47: 4500000 | K47: 1650000 | L47: 313500 | M47: =IFERROR(L47/K47,0) -> 0.19 | N47: 1963500 | O47: 1963500 | P47: =AVERAGE(F47,K47) -> 2715756.3 | Q47: =P47*D47 -> 2715756.3
A48: 10 | B48: CARTONES | C48: Cartón marcado con la imagen "cota renace", y marca "cota", tamaños 1/4 de carta, impresión 4x4 tintas full color | D48: 2000 | E48: UNIDAD | F48: 4537.82 | G48: 862.1858 | H48: =IFERROR(G48/F48,0) -> 0.19 | I48: 5400.0058 | J48: 10800012 | K48: 200 | L48: 38 | M48: =IFERROR(L48/K48,0) -> 0.19 | N48: 238 | O48: 476000 | P48: =AVERAGE(F48,K48) -> 2368.91 | Q48: =P48*D48 -> 4737820
A49: 1 | B49: REFRIGERIO | C49: Producto de panadería de 120 gramos combinada con una proteína variada, (pastel hojaldrado de carne o pollo ó sanduche) Jugo de 200 ml en empaque doy pack, varios sabores. Complemento: una (1) galleta de mantequilla de 50 gramos, o una (1) chocolatina de 12 gramos y una (1) fruta de temporada 60 gramos En caja blanca de cartón para alimentos | D49: 200 | E49: UNIDAD | F49: 15000 | G49: 1200 | H49: =IFERROR(G49/F49,0) -> 0.08 | I49: 16200 | J49: 3240000 | K49: 18000 | L49: 3420 | M49: =IFERROR(L49/K49,0) -> 0.19 | N49: 21420 | O49: 4284000 | P49: =AVERAGE(F49,K49) -> 16500 | Q49: =P49*D49 -> 3300000
A50: 2 | B50: HIDRATACION | C50: Botella de agua pura tratada, presentación de 300 ml, con registro Invima. marca reconocida | D50: 400 | E50: UNIDAD | F50: 1080 | G50: 0 | H50: =IFERROR(G50/F50,0) -> 0 | I50: 1080 | J50: 432000 | K50: 1500 | L50: 285 | M50: =IFERROR(L50/K50,0) -> 0.19 | N50: 1785 | O50: 714000 | P50: =AVERAGE(F50,K50) -> 1290 | Q50: =P50*D50 -> 516000
... A53: 5 | B53: TORTA | C53: Porción de 60 gr de producto horneado a base de harina de trigo, azúcar, leche, mantequilla, huevos, polvo de hornear, con cobertura de foundant o crema, empaque individual en material biodegradable, cubierto de mismo material con imagen del "parque renace" cota 420 años | D53: 1000 | E53: UNIDAD | F53: 3000 | G53: 240 | H53: =IFERROR(G53/F53,0) -> 0.08 | I53: 3240 | J53: 3240000 | K53: 8500 | L53: 1615 | M53: =IFERROR(L53/K53,0) -> 0.19 | N53: 10115 | O53: 10115000 | P53: =AVERAGE(F53,K53) -> 5750 | Q53: =P53*D53 -> 5750000
A54: TOTAL EVENTO | J54: =SUM(J5:J53) -> 1.2877956e+08 | O54: =SUM(O5:O53) -> 161399565 | Q54: =SUM(Q5:Q53) -> 1.2532149e+08

Sheet SEMANA JUVENTUD
A1: ESTUDIO DE MERCADO - SEMANA JUVENTUD - COMPARACIÓN DE UNITARIOS ANTES DE IVA/INC
A2: Metodología: la comparación económica se realiza sobre el VALOR UNITARIO ANTES DE IVA/INC. El IVA/INC se normaliza como diferencia entre el valor unitario incluido y el valor unitario antes de impuestos, para evitar comparar tratamientos tributarios distintos.
A3: INFORMACIÓN TÉCNICA DEL ÍTEM | F3: EDY ANGARITA PRODUCCIONES SAS | K3: A&C LOGISTICA & PRODUCCION DE EVENTOS LTDA | P3: VALOR PROMEDIO BASE ANTES DE IVA/INC
A4: ITEM | B4: DESCRIPCIÓN | C4: ESPECIFICACIONES / REQUERIMIENTOS TÉCNICOS | D4: CANTIDAD | E4: UNIDAD DE MEDIDA | F4: VALOR UNITARIO (ANTES IVA/INC) | G4: IVA / INC ($ NORMALIZADO) | H4: TARIFA OBSERVADA | I4: VALOR UNITARIO INCL. IVA/INC | J4: VALOR TOTAL INCL. IVA/INC | K4: VALOR UNITARIO (ANTES IVA/INC) | L4: IVA / INC ($ NORMALIZADO) | M4: TARIFA OBSERVADA | N4: VALOR UNITARIO INCL. IVA/INC | O4: VALOR TOTAL INCL. IVA/INC | P4: PROMEDIO UNITARIO ANTES IVA/INC | Q4: PROMEDIO TOTAL ANTES IVA/INC
A5: 1 | B5: REFRIGERIO | C5: Pan tajado.100 gramos Lechuga crespa. 20 gramos Queso doble crema. 20 gramos Jamón de cerdo. 20 gramos Empacado: individual con servilleta y bolsa biodegradable. Bebida: jugo de caja | D5: 600 | E5: UNIDAD | F5: 7500 | G5: 600 | H5: =IFERROR(G5/F5,0) -> 0.08 | I5: 8100 | J5: 4860000 | K5: 16800 | L5: 3192 | M5: =IFERROR(L5/K5,0) -> 0.19 | N5: 19992 | O5: 11995200 | P5: =AVERAGE(F5,K5) -> 12150 | Q5: =P5*D5 -> 7290000
A6: 2 | B6: HIDRATACION | C6: Botellas de agua pura tratada, presentación de 300 ml, con registro invima, marca reconocida. | D6: 400 | E6: UNIDAD | F6: 1080 | G6: 205.2 | H6: =IFERROR(G6/F6,0) -> 0.19 | I6: 1285.2 | J6: 514080 | K6: 1500 | L6: 285 | M6: =IFERROR(L6/K6,0) -> 0.19 | N6: 1785 | O6: 714000 | P6: =AVERAGE(F6,K6) -> 1290 | Q6: =P6*D6 -> 516000
A7: 3 | B7: CERTIFICADOS | C7: Certificado de participación juvenil. tamaño carta, papel propalcote 115 gr incluye diseño, diagramación e impresión | D7: 600 | E7: UNIDAD | F7: 3500 | G7: 665 | H7: =IFERROR(G7/F7,0) -> 0.19 | I7: 4165 | J7: 2499000 | K7: 4500 | L7: 855 | M7: =IFERROR(L7/K7,0) -> 0.19 | N7: 5355 | O7: 3213000 | P7: =AVERAGE(F7,K7) -> 4000 | Q7: =P7*D7 -> 2400000
A8: 4 | B8: CAMISETAS | C8: Camisetas de algodón de 100 gr estampadas con el logo de juventudes y la semana de la juventud, como recordatorio de las actividades, en colores acordes a al evento, las tallas serán suministradas por la supervisión. | D8: 300 | E8: UNIDAD | F8: 28000 | G8: 5320 | H8: =IFERROR(G8/F8,0) -> 0.19 | I8: 33320 | J8: 9996000 | K8: 38000 | L8: 7220 | M8: =IFERROR(L8/K8,0) -> 0.19 | N8: 45220 | O8: 13566000 | P8: =AVERAGE(F8,K8) -> 33000 | Q8: =P8*D8 -> 9900000
A9: 5 | B9: PLACA RECORDATORIO | C9: Placa de reconocimiento a los grupos ganadores en las diferentes actividades realizadas durante la semana 30x20 cm en madera con estuche según diseño aprobado por la supervisión. | D9: 10 | E9: UNIDAD | F9: 125000 | G9: 23750 | H9: =IFERROR(G9/F9,0) -> 0.19 | I9: 148750 | J9: 1487500 | K9: 180000 | L9: 34200 | M9: =IFERROR(L9/K9,0) -> 0.19 | N9: 214200 | O9: 2142000 | P9: =AVERAGE(F9,K9) -> 152500 | Q9: =P9*D9 -> 1525000
A10: 6 | B10: TABLERO DE CIUDADANIA JUVENIL Y 2 ENCUENTRE EL TESORO PERDIDO | C10: Juego de tablero de 70 x 120 cm, con vinilo adhesivo, 2 crucigramas de ciudadanía juvenil y 2 encuentre el tesoro perdido, con trípode. incluye estuche de para almacenamientos por separado. | D10: 4 | E10: UNIDAD | F10: 142000 | G10: 26980 | H10: =IFERROR(G10/F10,0) -> 0.19 | I10: 168980 | J10: 675920 | K10: 540000 | L10: 102600 | M10: =IFERROR(L10/K10,0) -> 0.19 | N10: 642600 | O10: 2570400 | P10: =AVERAGE(F10,K10) -> 341000 | Q10: =P10*D10 -> 1364000
A11: 7 | B11: PINES | C11: Pines de 2.5x2.5 cm de diferentes figuras de acuerdo a la cantidad sugerida, asi: 40 pines lince, 20 pines leopardos, 20 pines puma, 20 pines jaguar, 10 pines pantera, 10 pines tigre, 10 pines leon. | D11: 150 | E11: UNIDAD | F11: 6000 | G11: 1140 | H11: =IFERROR(G11/F11,0) -> 0.19 | I11: 7140 | J11: 1071000 | K11: 10000 | L11: 1900 | M11: =IFERROR(L11/K11,0) -> 0.19 | N11: 11900 | O11: 1785000 | P11: =AVERAGE(F11,K11) -> 8000 | Q11: =P11*D11 -> 1200000
A12: 8 | B12: MUSICAL JOVENES | C12: Artista musical género rock, pop, latino o músicas modernas urbanas show en tarima de 30 minutos incluye rider técnico. | D12: 1 | E12: UNIDAD | F12: 5000000 | G12: 0 | H12: =IFERROR(G12/F12,0) -> 0 | I12: 5000000 | J12: 5000000 | K12: 7560000 | L12: 1436400 | M12: =IFERROR(L12/K12,0) -> 0.19 | N12: 8996400 | O12: 8996400 | P12: =AVERAGE(F12,K12) -> 6280000 | Q12: =P12*D12 -> 6280000
A13: 9 | B13: ARTÍSTICOS | C13: Shows musicales en tarima géneros diversos 30 minutos incluye rider técnico. GRAN TOTAL IVA INCLUIDO | D13: 8 | E13: GLOBAL | F13: 4500000 | G13: 0 | H13: =IFERROR(G13/F13,0) -> 0 | I13: 4500000 | J13: 36000000 | K13: 7560000 | L13: 1436400 | M13: =IFERROR(L13/K13,0) -> 0.19 | N13: 8996400 | O13: 71971200 | P13: =AVERAGE(F13,K13) -> 6030000 | Q13: =P13*D13 -> 48240000
A14: TOTAL EVENTO | J14: =SUM(J5:J13) -> 62103500 | O14: =SUM(O5:O13) -> 116953200 | Q14: =SUM(Q5:Q13) -> 78715000
